Workbook
Name SMMLV: #REF!
Name SMMLV: #REF!
Name SMMLV: #REF!

Sheet RESUMEN P1
B2: REPÚBLICA DE COLOMBIA MINISTERIO DE TRANSPORTE AERONÁUTICA CIVIL
B6: REALIZAR EL SUMINISTRO E INSTALACIÓN DE LOS SISTEMAS DE AYUDAS VISUALES Y SUS OBRAS COMPLEMENTARIAS PARA EL AEROPUERTO PERALES DE IBAGUÉ, TOLIMA (VF)
B7: PROCESO DE LICITACIÓN PÚBLICA 24001224 H1 2024
B8: DIRECCIÓN DE INFRAESTRUCTURA Y AYUDAS AEROPORTUARIAS GRUPO INFRAESTRUCTURA AEROPORTUARIA CENTRO SUR-NOROCCIDENTE
B10: No. | C10: PROPONENTE | D10: EXPERIENCIA GENERAL | E10: EXPERIENCIA ESPECIFICA | F10: CARTA DE PRESENTACIÓN FORMATO 8 ESPECIFICACIONES TÉCNICAS | G10: CERTIFICACIÓN DEL FABRICANTE FABRICACIÓN MÍNIMO 2024 | H10: DISPONIBILIDAD DE REPUESTOS POR 10 AÑOS | I10: CERTIFICADO DE REPRESENTACIÓN | J10: FICHAS TÉCNICAS DEL FABRICANTE | K10: CERTIFICADO DE GARANTÍA DE LOS BIENES O SERVICIOS | L10: PROPUESTA ECONÓMICA | M10: FACTOR DE CALIDAD | N10: APOYO A LA INDUSTRIA NACIONAL | O10: TRABAJADORES CON DISCAPACIDAD | P10: EMPRENDIMIENTO Y EMPRESAS DE MUJERES | Q10: MIPYME | R10: OBSERVACIONES
B11: 1 | C11: SKYTECH | D11: ='1'!$O$22 -> CUMPLE | E11: ='1'!$O$32 -> CUMPLE | F11: ='1'!$O$34 -> CUMPLE | G11: ='1'!$O$36 -> CUMPLE | H11: ='1'!$O$38 -> CUMPLE | I11: ='1'!$O$40 -> CUMPLE | J11: ='1'!$O$42 -> CUMPLE | K11: ='1'!$O$44 -> CUMPLE | L11: ='1'!$O$47 -> CUMPLE | M11: ='1'!$M$49 -> CUMPLE | N11: ='1'!$M$52 -> CUMPLE | O11: ='1'!$M$60 -> CUMPLE | P11: ='1'!$M$64 -> CUMPLE | Q11: ='1'!$M$67 -> CUMPLE
B12: 2 | C12: RAPIDEXXUS | D12: ='2'!$O$22 -> CUMPLE | E12: ='2'!$O$32 -> CUMPLE | F12: ='2'!$O$34 -> CUMPLE | G12: ='2'!$O$36 -> CUMPLE | H12: ='2'!$O$38 -> CUMPLE | I12: ='2'!$O$40 -> CUMPLE | J12: ='2'!$O$42 -> CUMPLE | K12: ='2'!$O$44 -> CUMPLE | L12: ='2'!$O$47 -> CUMPLE | M12: ='2'!$M$49 -> CUMPLE | N12: ='2'!$M$52 -> CUMPLE | O12: ='2'!$M$60 -> CUMPLE | P12: ='2'!$M$64 -> CUMPLE | Q12: ='2'!$M$67 -> CUMPLE
B13: 3 | C13: CONSORCIO ILUMINACIÓN IBE24 | D13: ='3'!$O$22 -> CUMPLE | E13: ='3'!$O$32 -> CUMPLE | F13: ='3'!$O$34 -> CUMPLE | G13: ='3'!$O$36 -> CUMPLE | H13: ='3'!$O$38 -> CUMPLE | I13: ='3'!$O$40 -> CUMPLE | J13: ='3'!$O$42 -> CUMPLE | K13: ='3'!$O$44 -> CUMPLE | L13: ='3'!$O$47 -> CUMPLE | M13: ='3'!$M$49 -> CUMPLE | N13: ='3'!$M$52 -> CUMPLE | O13: ='3'!$M$60 -> CUMPLE | P13: ='3'!$M$64 -> CUMPLE | Q13: ='3'!$M$67 -> CUMPLE
B15: No. | C15: PROPONENTE | D15: FACTOR DE CALIDAD | E15: APOYO A LA INDUSTRIA NACIONAL | F15: TRABAJADORES CON DISCAPACIDAD | G15: EMPRENDIMIENTO Y EMPRESAS DE MUJERES | H15: MIPYME | I15: TOTAL
B16: 1 | C16: =C11 -> SKYTECH | D16: ='1'!$O$49 -> 18.5 | E16: ='1'!$M$53 -> 10 | F16: ='1'!$M$61 -> 1 | G16: ='1'!$O$64 -> 0.25 | H16: ='1'!$O$67 -> 0.25 | I16: =D16+E16+F16+G16+H16 -> 30
B17: 2 | C17: =C12 -> RAPIDEXXUS | D17: ='2'!$O$49 -> 18.5 | E17: ='2'!$M$53 -> 10 | F17: ='2'!$M$61 -> 1 | G17: ='2'!$O$64 -> 0.25 | H17: ='2'!$O$67 -> 0.25 | I17: =D17+E17+F17+G17+H17 -> 30
B18: 3 | C18: =C13 -> CONSORCIO ILUMINACIÓN IBE24 | D18: ='3'!$O$49 -> 18.5 | E18: ='3'!$M$53 -> 10 | F18: ='3'!$M$61 -> 1 | G18: ='3'!$O$64 -> 0.25 | H18: ='3'!$O$67 -> 0.25 | I18: =D18+E18+F18+G18+H18 -> 30

Sheet RESUMEN PT
B2: REPÚBLICA DE COLOMBIA MINISTERIO DE TRANSPORTE AERONÁUTICA CIVIL
B6: ='RESUMEN P1'!B6 -> REALIZAR EL SUMINISTRO E INSTALACIÓN DE LOS SISTEMAS DE AYUDAS VISUALES Y SUS OBRAS COMPLEMENTARIAS PARA EL AEROPUERTO PERALES DE IBAGUÉ, TOLIMA (VF)
B7: ='RESUMEN P1'!B7 -> PROCESO DE LICITACIÓN PÚBLICA 24001224 H1 2024
B8: DIRECCIÓN DE INFRAESTRUCTURA Y AYUDAS AEROPORTUARIAS GRUPO INFRAESTRUCTURA AEROPORTUARIA CENTRO SUR-NOROCCIDENTE
K10: PRESUPUESTO OFICIAL
D11: CRITERIOS PONDERABLES | K11: 5493701977
B12: No. | C12: NOMBRE DEL PROPONENTE | D12: OFERTA ECONÓMICA | E12: FACTOR DE CALIDAD (18.5 Pts) | F12: APOYO A LA INDUSTRIA NACIONAL (10 Pts) | G12: VINCULACIÓN DE PERSONAS CON DISCAPACIDAD (1 Pts) | H12: EMPRENDIMIENTO MUJERES (0,25 Pts) | I12: MIPYME (0,25 Pts) | J12: PUNTAJE TOTAL | K12: VALOR DE LA OFERTA
B13: 1 | C13: ='RESUMEN P1'!C16 -> SKYTECH | D13: ='RESUMEN P1'!L11 -> CUMPLE | E13: ='RESUMEN P1'!D16 -> 18.5 | F13: ='RESUMEN P1'!E16 -> 10 | G13: ='RESUMEN P1'!F16 -> 1 | H13: ='RESUMEN P1'!G16 -> 0.25 | I13: ='RESUMEN P1'!H16 -> 0.25 | J13: =E13+F13+G13+H13+I13 -> 30 | K13: 5326882680
B14: 2 | C14: ='RESUMEN P1'!C17 -> RAPIDEXXUS | D14: ='RESUMEN P1'!L12 -> CUMPLE | E14: ='RESUMEN P1'!D17 -> 18.5 | F14: ='RESUMEN P1'!E17 -> 10 | G14: ='RESUMEN P1'!F17 -> 1 | H14: ='RESUMEN P1'!G17 -> 0.25 | I14: ='RESUMEN P1'!H17 -> 0.25 | J14: =E14+F14+G14+H14+I14 -> 30 | K14: 5400310610
B15: 3 | C15: ='RESUMEN P1'!C18 -> CONSORCIO ILUMINACIÓN IBE24 | D15: ='RESUMEN P1'!L13 -> CUMPLE | E15: ='RESUMEN P1'!D18 -> 18.5 | F15: ='RESUMEN P1'!E18 -> 10 | G15: ='RESUMEN P1'!F18 -> 1 | H15: ='RESUMEN P1'!G18 -> 0.25 | I15: ='RESUMEN P1'!H18 -> 0.25 | J15: =E15+F15+G15+H15+I15 -> 30 | K15: 5400852624
B17: EVALUADOR TÉCNICO
B23: JOSÉ DANIEL QUINCHE GUERRA
B24: EVALUADOR TÉCNICO

Sheet RESUMEN 3
B2: REPÚBLICA DE COLOMBIA MINISTERIO DE TRANSPORTE AERONAUTICA CIVIL
B6: REALIZAR EL MANTENIMIENTO Y CONSERVACIÓN DE LOS SISTEMAS DE AYUDAS VISUALES Y SISTEMAS COMPLEMENTARIOS DEL AEROPUERTO INTERNACIONAL EL DORADO DE BOGOTÁ (VF)
B7: PROCESO DE LICITACIÓN PÚBLICA 24001281 H3 2024
B8: DIRECCION DE INFRAESTRUCTURA Y AYUDAS AEROPORTUARIAS GRUPO INFRAESTRUCTURA AEROPORTUARIA CENTRO SUR-NOROCCIDENTE
D11: PONDERACIÓN PROPUESTA ECONOMICA MEDIANA CON VALOR ABSOLUTO
B12: No. | C12: NOMBRE DEL PROPONENTE | D12: VALOR OFERTA | E12: MEDIANA | F12: PONDERACIÓN OFERTA (70 PTS) | G12: FACTOR DE CALIDAD (18.5 PTS) | H12: APOYO A LA INDUSTRIA NAL. (10 PTS) | I12: PERSONAL CON DISCAPACIDAD (1 PTS) | J12: EMPRENDIMIENTO O EMPRESAS MUJERES (0.25 PTS) | K12: MiPYMES (0.25 PTS) | L12: TOTAL (100 PTS)
B13: ='RESUMEN P1'!$B$13 -> 3 | C13: ='RESUMEN P1'!$C$13 -> CONSORCIO ILUMINACIÓN IBE24 | D13: ='RESUMEN PT'!$K$15 -> 5400852624 | F13: =(1-ABS(($E$14-D13)/$E$14))*70 -> 69.992974 | G13: ='RESUMEN PT'!E15 -> 18.5 | H13: ='RESUMEN PT'!F15 -> 10 | I13: ='RESUMEN PT'!G15 -> 1 | J13: ='RESUMEN PT'!H15 -> 0.25 | K13: ='RESUMEN PT'!I15 -> 0.25 | L13: =F13+G13+H13+I13+J13+K13 -> 99.992974 | T13: Para determinar el método de ponderación, la Entidad tomará los centavos de la Tasa de Cambio Representativa del Mercado (TRM) (certificada por la Superintendencia Financiera de Colombia en su sitio web: https://www.superfinanciera.gov.co/publicacion/60819) que rija el SEGUNDO DÍA HÁBIL SIGUIENTE A LA INSTALACIÓN DE LA AUDIENCIA PÚBLICA DE ADJUDICACIÓN. Esto es, la que la Superintendencia publique en horas de la tarde del día hábil siguiente a la fecha efectiva de instalación de la Audiencia
B14: ='RESUMEN P1'!$B$12 -> 2 | C14: ='RESUMEN P1'!$C$12 -> RAPIDEXXUS | D14: ='RESUMEN PT'!$K$14 -> 5400310610 | E14: =$D$14 -> 5400310610 | F14: 70 | G14: ='RESUMEN PT'!E14 -> 18.5 | H14: ='RESUMEN PT'!F14 -> 10 | I14: ='RESUMEN PT'!G14 -> 1 | J14: ='RESUMEN PT'!H14 -> 0.25 | K14: ='RESUMEN PT'!I14 -> 0.25 | L14: =F14+G14+H14+I14+J14+K14 -> 100
B15: ='RESUMEN P1'!$B$11 -> 1 | C15: ='RESUMEN P1'!$C$11 -> SKYTECH | D15: ='RESUMEN PT'!$K$13 -> 5326882680 | F15: =(1-ABS(($E$14-D15)/$E$14))*70 -> 69.048211 | G15: ='RESUMEN PT'!E13 -> 18.5 | H15: ='RESUMEN PT'!F13 -> 10 | I15: ='RESUMEN PT'!G13 -> 1 | J15: ='RESUMEN PT'!H13 -> 0.25 | K15: ='RESUMEN PT'!I13 -> 0.25 | L15: =F15+G15+H15+I15+J15+K15 -> 99.048211
D17: PONDERACIÓN PROPUESTA ECONOMICA MEDIA GEOMÉTRICA | N17: En todos los casos se tendrá en cuenta hasta el séptimo (7°) decimal del valor obtenido como puntaje y las fórmulas se aplicarán con las propuestas que no han sido rechazadas y se encuentran válidas. Las propuestas que al aplicar las fórmulas obtengan puntajes negativos obtienen cero (0) puntos en la oferta económica.
B18: No. | C18: NOMBRE DEL PROPONENTE | D18: VALOR OFERTA | E18: MEDIA GEOMETRICA | F18: PONDERACIÓN OFERTA (70 PTS) | G18: FACTOR DE CALIDAD (18.5 PTS) | H18: APOYO A LA INDUSTRIA NAL. (10 PTS) | I18: PERSONAL CON DISCAPACIDAD (1 PTS) | J18: EMPRENDIMIENTO O EMPRESAS MUJERES (0.25 PTS) | K18: MiPYMES (0.25 PTS) | L18: TOTAL (100 PTS)
B19: ='RESUMEN P1'!$B$11 -> 1 | C19: ='RESUMEN P1'!$C$11 -> SKYTECH | D19: ='RESUMEN PT'!$K$13 -> 5326882680 | F19: =70*(1-((ABS($E$20-D19))/$E$20)) -> 69.361707 | G19: ='RESUMEN PT'!E13 -> 18.5 | H19: ='RESUMEN PT'!F13 -> 10 | I19: ='RESUMEN PT'!G13 -> 1 | J19: ='RESUMEN PT'!H13 -> 0.25 | K19: ='RESUMEN PT'!I13 -> 0.25 | L19: =F19+G19+H19+I19+J19+K19 -> 99.361707
B20: ='RESUMEN P1'!$B$12 -> 2 | C20: ='RESUMEN P1'!$C$12 -> RAPIDEXXUS | D20: ='RESUMEN PT'!$K$14 -> 5400310610 | E20: =GEOMEAN(D19:D21) -> 5.3759027e+09 | F20: 70 | G20: ='RESUMEN PT'!E14 -> 18.5 | H20: ='RESUMEN PT'!F14 -> 10 | I20: ='RESUMEN PT'!G14 -> 1 | J20: ='RESUMEN PT'!H14 -> 0.25 | K20: ='RESUMEN PT'!I14 -> 0.25 | L20: =F20+G20+H20+I20+J20+K20 -> 100
B21: ='RESUMEN P1'!$B$13 -> 3 | C21: ='RESUMEN P1'!$C$13 -> CONSORCIO ILUMINACIÓN IBE24 | D21: ='RESUMEN PT'!$K$15 -> 5400852624 | F21: =70*(1-((ABS($E$20-D21))/$E$20)) -> 69.675125 | G21: ='RESUMEN PT'!E15 -> 18.5 | H21: ='RESUMEN PT'!F15 -> 10 | I21: ='RESUMEN PT'!G15 -> 1 | J21: ='RESUMEN PT'!H15 -> 0.25 | K21: ='RESUMEN PT'!I15 -> 0.25 | L21: =F21+G21+H21+I21+J21+K21 -> 99.675125 | N21: =$E$20-D19 -> 49020017
N22: =D20-$E$20 -> 24407913
B23: P.O. | C23: ='RESUMEN PT'!K11 -> 5493701977 | D23: PONDERACIÓN PROPUESTA ECONOMICA MEDIA ARITMÉTICA BAJA | N23: =D21-$E$20 -> 24949927
B24: No. | C24: NOMBRE DEL PROPONENTE | D24: VALOR OFERTA | E24: MEDIA ARITMETICA BAJA | F24: PONDERACIÓN OFERTA (70 PTS) | G24: FACTOR DE CALIDAD (18.5 PTS) | H24: APOYO A LA INDUSTRIA NAL. (10 PTS) | I24: PERSONAL CON DISCAPACIDAD (1 PTS) | J24: EMPRENDIMIENTO O EMPRESAS MUJERES (0.25 PTS) | K24: MiPYMES (0.25 PTS) | L24: TOTAL (100 PTS)
E25: Xb
E26: =($D$27+(AVERAGE(D27:D29)))/2 -> 5.351449e+09
B27: ='RESUMEN P1'!$B$11 -> 1 | C27: ='RESUMEN P1'!$C$11 -> SKYTECH | D27: ='RESUMEN PT'!$K$13 -> 5326882680 | F27: =70*(1-(($E$26-D27)/$E$26)) -> 69.678659 | G27: ='RESUMEN PT'!E13 -> 18.5 | H27: ='RESUMEN PT'!F13 -> 10 | I27: ='RESUMEN PT'!G13 -> 1 | J27: ='RESUMEN PT'!H13 -> 0.25 | K27: ='RESUMEN PT'!I13 -> 0.25 | L27: =F27+G27+H27+I27+J27+K27 -> 99.678659
B28: ='RESUMEN P1'!$B$12 -> 2 | C28: ='RESUMEN P1'!$C$12 -> RAPIDEXXUS | D28: ='RESUMEN PT'!$K$14 -> 5400310610 | F28: =70*(1-((ABS($E$26-D28))/$E$26)) -> 69.360862 | G28: ='RESUMEN PT'!E14 -> 18.5 | H28: ='RESUMEN PT'!F14 -> 10 | I28: ='RESUMEN PT'!G14 -> 1 | J28: ='RESUMEN PT'!H14 -> 0.25 | K28: ='RESUMEN PT'!I14 -> 0.25 | L28: =F28+G28+H28+I28+J28+K28 -> 99.360862
B29: ='RESUMEN P1'!$B$13 -> 3 | C29: ='RESUMEN P1'!$C$13 -> CONSORCIO ILUMINACIÓN IBE24 | D29: ='RESUMEN PT'!$K$15 -> 5400852624 | F29: =70*(1-((ABS($E$26-D29))/$E$26)) -> 69.353772 | G29: ='RESUMEN PT'!E15 -> 18.5 | H29: ='RESUMEN PT'!F15 -> 10 | I29: ='RESUMEN PT'!G15 -> 1 | J29: ='RESUMEN PT'!H15 -> 0.25 | K29: ='RESUMEN PT'!I15 -> 0.25 | L29: =F29+G29+H29+I29+J29+K29 -> 99.353772
D31: PONDERACIÓN PROPUESTA ECONOMICA MENOR VALOR
B32: No. | C32: NOMBRE DEL PROPONENTE | D32: VALOR OFERTA | E32: MENOR VALOR | F32: PONDERACIÓN OFERTA (70 PTS) | G32: FACTOR DE CALIDAD (18.5 PTS) | H32: APOYO A LA INDUSTRIA NAL. (10 PTS) | I32: PERSONAL CON DISCAPACIDAD (1 PTS) | J32: EMPRENDIMIENTO O EMPRESAS MUJERES (0.25 PTS) | K32: MiPYMES (0.25 PTS) | L32: TOTAL (100 PTS)
B33: ='RESUMEN P1'!$B$11 -> 1 | C33: ='RESUMEN P1'!$C$11 -> SKYTECH | D33: ='RESUMEN PT'!$K$13 -> 5326882680 | F33: =(70*$E$34)/D33 -> 70 | G33: ='RESUMEN PT'!E13 -> 18.5 | H33: ='RESUMEN PT'!F13 -> 10 | I33: ='RESUMEN PT'!G13 -> 1 | J33: ='RESUMEN PT'!H13 -> 0.25 | K33: ='RESUMEN PT'!I13 -> 0.25 | L33: =F33+G33+H33+I33+J33+K33 -> 100
B34: ='RESUMEN P1'!$B$12 -> 2 | C34: ='RESUMEN P1'!$C$12 -> RAPIDEXXUS | D34: ='RESUMEN PT'!$K$14 -> 5400310610 | E34: =$D$33 -> 5326882680 | F34: =(70*$E$34)/D34 -> 69.048211 | G34: ='RESUMEN PT'!E14 -> 18.5 | H34: ='RESUMEN PT'!F14 -> 10 | I34: ='RESUMEN PT'!G14 -> 1 | J34: ='RESUMEN PT'!H14 -> 0.25 | K34: ='RESUMEN PT'!I14 -> 0.25 | L34: =F34+G34+H34+I34+J34+K34 -> 99.048211
B35: ='RESUMEN P1'!$B$13 -> 3 | C35: ='RESUMEN P1'!$C$13 -> CONSORCIO ILUMINACIÓN IBE24 | D35: ='RESUMEN PT'!$K$15 -> 5400852624 | F35: =(70*$E$34)/D35 -> 69.041282 | G35: ='RESUMEN PT'!E15 -> 18.5 | H35: ='RESUMEN PT'!F15 -> 10 | I35: ='RESUMEN PT'!G15 -> 1 | J35: ='RESUMEN PT'!H15 -> 0.25 | K35: ='RESUMEN PT'!I15 -> 0.25 | L35: =F35+G35+H35+I35+J35+K35 -> 99.041282

Sheet PPTO IBAGUE OFICIAL 2024
C3: Formulario 1 - Propuesta económica - Documento tipo de licitación de obra pública de infraestructura de transporte - versión 3
C4: Código | E4: CCE-EICP-FM-14 | F4: Versión | G4: 3
C5: FORMULARIO 1
C6: PRESUPUESTO OFICIAL
C7: REALIZAR EL SUMINISTRO E INSTALACIÓN DE LOS SISTEMAS DE AYUDAS VISUALES Y SUS OBRAS COMPLEMENTARIAS PARA EL AEROPUERTO PERALES DE IBAGUÉ, TOLIMA (VF)”
C10: Nº | D10: APU | E10: ÍTEM DE PAGO | F10: ESPECIFICACIONES RAC 14 | H10: DESCRIPCIÓN | I10: UND. | J10: CANTIDAD | K10: VALOR UNITARIO | L10: VALOR TOTAL
F11: GENERAL | G11: PARTICULAR
E12: 1 | H12: SUMINISTRO E INSTALACIÓN LUCES PARA AYUDAS VISUALES
E13: 1.1 | F13: 14.3.5.3.9 | G13: 14.3.5.3.9.8. 14.3.5.3.9.7. | H13: SUMINISTRO E INSTALACIÓN DE LUZ DE BORDE DE PISTA ELEVADA [FAA L-862(L)], TIPO LED, 6.6 A. W/W. INCLUYE TRANSFORMADOR DE AISLAMIENTO | I13: UND | J13: 18 | K13: =ROUND(O13,0) -> 5653137 | L13: =ROUND(J13*K13,0) -> 101756466 | O13: =ROUNDUP(5653136.12077403,0) -> 5653137
E14: 1.2 | F14: 14.3.5.3.9 | G14: 14.3.5.3.9.8. 14.3.5.3.9.7. | H14: SUMINISTRO E INSTALACIÓN DE LUZ DE BORDE DE PISTA ELEVADA [FAA L-862(L)], TIPO LED, 6.6 A. W/Y. INCLUYE TRANSFORMADOR DE AISLAMIENTO | I14: UND | J14: =12+20 -> 32 | K14: =ROUND(O14,0) -> 5855098 | L14: =ROUND(J14*K14,0) -> 187363136 | O14: =ROUNDUP(5855097.1298519,0) -> 5855098
E15: 1.3 | F15: 14.3.5.3.9 | G15: 14.3.5.3.9.7. | H15: SUMINISTRO E INSTALACIÓN DE LUZ DE BORDE DE PISTA EMPOTRADA [FAA L-850C(L) BI], TIPO LED, 6.6 A. W/Y. INCLUYE TRANSFORMADOR DE AISLAMIENTO | I15: UND | J15: 2 | K15: =ROUND(O15,0) -> 8097323 | L15: =ROUND(J15*K15,0) -> 16194646 | O15: =ROUNDUP(8097322.71803465,0) -> 8097323
E16: 1.4 | F16: 14.3.5.3.10. | G16: 14.3.5.3.10.4. | H16: SUMINISTRO E INSTALACIÓN DE LUZ DE UMBRAL DE PISTA EMPOTRADA [FAA L-850D(L) BI], TIPO LED, 6.6 A. R/G. INCLUYE TRANSFORMADOR DE AISLAMIENTO | I16: UND | J16: 12 | K16: =ROUND(O16,0) -> 8097323 | L16: =ROUND(J16*K16,0) -> 97167876 | O16: =ROUNDUP(8097322.71803465,0) -> 8097323
E17: 1.5 | F17: 14.3.5.3.17. | G17: 14.3.5.3.17.1. 14.3.5.3.17.2. 14.3.5.3.18.1. | H17: SUMINISTRO E INSTALACIÓN DE LUZ DE BORDE DE CALLE DE RODAJE ELEVADA [FAA L-861T(L) OMNI], TIPO LED, MEDIA INTENSIDAD, 6.6 A. AZUL. INCLUYE TRANSFORMADOR DE AISLAMIENTO | I17: UND | J17: 59 | K17: =ROUND(O17,0) -> 2634533 | L17: =ROUND(J17*K17,0) -> 155437447 | O17: =ROUNDUP(2634532.82386081,0) -> 2634533
E18: 1.6 | F18: 14.3.5.3.17. | G18: 14.3.5.3.17.1. 14.3.5.3.17.2. 14.3.5.3.18.1. | H18: SUMINISTRO E INSTALACIÓN DE LUZ DE BORDE DE CALLE DE RODAJE ELEVADA [FAA L-861T(L) OMNI], TIPO LED, MEDIA INTENSIDAD, 6.6 A. ROJA. INCLUYE TRANSFORMADOR DE AISLAMIENTO | I18: UND | J18: 9 | K18: =ROUND(O18,0) -> 2634533 | L18: =ROUND(J18*K18,0) -> 23710797 | O18: =ROUNDUP(2634532.82386081,0) -> 2634533
E19: 1.7 | F19: 14.3.2.12. 14.3.5.3.4.2. 14.3.5.3.5. | G19: 14.3.5.3.5.2. | H19: SUMINISTRO E INSTALACIÓN DE LUCES PAPI [FAA L-880(L)], TIPO LED, 6.6 A. CONFORMADAS POR 4 UNIDADES. INCLUYE TRANSFORMADORES DE AISLAMIENTO | I19: UND | J19: 2 | K19: =ROUND(O19,0) -> 213887919 | L19: =ROUND(J19*K19,0) -> 427775838 | O19: =ROUNDUP(213887918.273099,0) -> 213887919
A20: | | E20: 1.8 | F20: 14.3.5.3.1.10. | H20: SUMINISTRO E INSTALACIÓN DE REGULADOR DE CORRIENTE CONSTANTE POTENCIA 2 kW FERRORESONANTE | I20: UND | J20: ='[1]CALCULO CCR'!Q7+'[1]CALCULO CCR'!Q10 -> 3 | K20: =ROUND(O20,0) -> 105057112 | L20: =ROUND(J20*K20,0) -> 315171336 | O20: =ROUNDUP(105057111.325222,0) -> 105057112
E21: 1.9 | F21: 14.3.5.3.1.10. | H21: SUMINISTRO E INSTALACIÓN DE REGULADOR DE CORRIENTE CONSTANTE POTENCIA 4 kW FERRORESONANTE | I21: UND | J21: ='[1]CALCULO CCR'!Q6+'[1]CALCULO CCR'!Q9 -> 4 | K21: =ROUND(O21,0) -> 128699124 | L21: =ROUND(J21*K21,0) -> 514796496 | O21: =ROUNDUP(128699124,0) -> 128699124
E22: 1.10 | F22: 14.3.5.3.1.10. | H22: SUMINISTRO E INSTALACIÓN DE REGULADOR DE CORRIENTE CONSTANTE POTENCIA 7.5 kW FERRORESONANTE | I22: UND | J22: ='[1]CALCULO CCR'!Q8 -> 2 | K22: =ROUND(O22,0) -> 141824048 | L22: =ROUND(J22*K22,0) -> 283648096 | O22: =ROUNDUP(141824047.666667,0) -> 141824048
E23: 1.11 | F23: 14.3.5.4. | G23: 14.3.5.4.2. | H23: SUMINISTRO E INSTALACIÓN DE LETRERO DE 1 CUERPO | I23: UND | J23: 7 | K23: =ROUND(O23,0) -> 32430035 | L23: =ROUND(J23*K23,0) -> 227010245 | O23: =ROUNDUP(32430034.6666667,0) -> 32430035
E24: 1.12 | F24: 14.3.5.4. | G24: 14.3.5.4.2. | H24: SUMINISTRO E INSTALACIÓN DE LETRERO DE 2 CUERPOS | I24: UND | J24: 9 | K24: =ROUND(O24,0) -> 38602530 | L24: =ROUND(J24*K24,0) -> 347422770 | O24: =ROUNDUP(38602529.3333333,0) -> 38602530
E25: 1.13 | F25: 14.3.5.1.1 | H25: SUMINISTRO E INSTALACIÓN DE INDICADOR DE LA DIRECCIÓN DEL VIENTO CON ALIMENTACIÓN SOLAR | I25: UND | J25: 2 | K25: =ROUND(O25,0) -> 37112317 | L25: =ROUND(J25*K25,0) -> 74224634 | O25: =ROUNDUP(37112316.4057433,0) -> 37112317
E26: 1.14 | F26: AC 150/5345-26E | H26: SUMINISTRO E INSTALACIÓN DE JUEGO CONECTORES PRIMARIOS FAA L-823 | I26: UND | J26: =ROUNDUP('[1]CALCULO CCR'!M11,0) -> 720 | K26: =ROUND(O26,0) -> 230000 | L26: =ROUND(J26*K26,0) -> 165600000 | O26: =ROUNDUP(230000,0) -> 230000
E27: 1.15 | F27: AC 150/5345-26E | H27: SUMINISTRO E INSTALACIÓN DE JUEGO CONECTORES SECUNDARIOS FAA L-823 | I27: UND | J27: ='[1]CALCULO CCR'!E11 -> 340 | K27: =ROUND(O27,0) -> 251465 | L27: =ROUND(J27*K27,0) -> 85498100 | O27: =ROUNDUP(251464.666666667,0) -> 251465
E28: 1.16 | F28: AC 150/5340-26 | H28: SUMINISTRO E INSTALACIÓN DE BASE POCO PROFUNDA DE 12", L- 868, INCLUYE SELLADO | I28: UND | J28: =J15+J16 -> 14 | K28: =ROUND(O28,0) -> 1688218 | L28: =ROUND(J28*K28,0) -> 23635052 | O28: =ROUNDUP(1688217.40306158,0) -> 1688218
E29: 1.17 | H29: RANURADO EN ASFALTO Y SELLADO PARA INSTALACIÓN DE ACOMETIDA A LUCES EMPOTRADAS | I29: ML | J29: 250 | K29: =ROUND(O29,0) -> 153743 | L29: =ROUND(J29*K29,0) -> 38435750 | O29: =ROUNDUP(153742.069714181,0) -> 153743
E30: 1.18 | H30: BASE CILINDRO DE CONCRETO (BASE ESTABILIZADORA) DE 3000 PSI DE 30 CM DE DIÁMETRO POR 40 CM DE ALTO, CON TUBO ACODADO Y ACOPLE DE 2” EN ALUMINIO O MATERIAL GALVANIZADO NO CORROSIBLE, PARA INSTALACIÓN ROSCADA DE LA LUZ | I30: UND | J30: =J17+J18 -> 68 | K30: =ROUND(O30,0) -> 942617 | L30: =ROUND(J30*K30,0) -> 64097956 | O30: =ROUNDUP(942616.193878439,0) -> 942617
C31: SUBTOTAL | L31: =SUM(L13:L30) -> 3148946641
E32: 2 | H32: CANALIZACIONES Y CABLEADO
E33: 2.1 | F33: AC 150/5340-30J | G33: 7.5.4.8.4 | H33: SUMINISTRO E INSTALACIÓN DE CABLE PRIMARIO DE N° 8 AWG, 5 kV XLPE | I33: ML | J33: =('[1]CALCULO CCR'!K11)*0.4 -> 25333.2 | K33: =ROUND(O33,0) -> 31242 | L33: =ROUND(J33*K33,0) -> 791459834 | O33: =ROUNDUP(31241.3333333333,0) -> 31242
E34: 2.2 | F34: AC 150/5340-30J | G34: 11.3.2.6 | H34: SUMINISTRO E INSTALACIÓN DE CABLE SECUNDARIO 2x10 AWG THHN-TWH | I34: ML | J34: =((J29*2)+('[1]CALCULO CCR'!E11)*2)*1.271 -> 1499.78 | K34: =ROUND(O34,0) -> 14136 | L34: =ROUND(J34*K34,0) -> 21200890 | O34: =ROUNDUP(14135.0627872677,0) -> 14136
E35: 2.3 | F35: CS-203 | H35: BANCO DE DUCTOS EN ZONA VERDE 4Ø4", TUBERÍA PVC CORRUGADA TDP, NORMA CODENSA CS-217. INCLUYE COMPACTACIÓN Y RECONFORMACIÓN | I35: ML | J35: =500*1.3 -> 650 | K35: =ROUND(O35,0) -> 271455 | L35: =ROUND(J35*K35,0) -> 176445750 | O35: =ROUNDUP(271454.86917718,0) -> 271455
E36: 2.4 | F36: AC 150/5340-30J | G36: 12.5.1 | H36: CABLE DESNUDO Cu, 7 HILOS PARA PUESTA A TIERRA, N° 6 AWG | I36: ML | J36: 6000 | K36: =ROUND(O36,0) -> 18895 | L36: =ROUND(J36*K36,0) -> 113370000 | O36: =ROUNDUP(18894.4436276912,0) -> 18895
E37: 2.5 | F37: AC 150/5340-30J | G37: 12.5.1 | H37: SUMINISTRO E INSTALACIÓN VARILLA COOPERWELD 2.4 M. INCLUYE SOLDADURA EXOTÉRMICA VARILLA - CABLE N° 6 AWG O CONECTOR CERTIFICADO RETIE | I37: UND | J37: =J36/150 -> 40 | K37: =ROUND(O37,0) -> 518319 | L37: =ROUND(J37*K37,0) -> 20732760 | O37: =ROUNDUP(518318.955856334,0) -> 518319
E38: 2.6 | H38: SUMINISTRO E INSTALACIÓN TABLERO GENERAL DISTRIBUCIÓN PARA LOS REGULADORES AUTOSOPORTADO DE 12 CIRCUITOS, CON PROTECCIONES, TOTALIZADOR Y DPS | I38: UND | J38: 1 | K38: =ROUND(O38,0) -> 31386613 | L38: =ROUND(J38*K38,0) -> 31386613 | O38: =ROUNDUP(31386612.3243188,0) -> 31386613
E39: 2.7 | F39: ENEL 3.2.1. | H39: CAJA DE INSPECCIÓN ELÉCTRICA NORMA CODENSA CS- 274. INCLUYE DRENAJE EN DIAM 4" CON VÁLVULA CHEQUE A DRENAJE MÁS CERCANO | I39: UND | J39: =(500/40)*1.2 -> 15 | K39: =ROUND(O39,0) -> 2772819 | L39: =ROUND(J39*K39,0) -> 41592285 | O39: =ROUNDUP(2772818.31355753,0) -> 2772819
E40: 2.8 | F40: ENEL 3.2.1. | H40: CAJA DE INSPECCIÓN ELÉCTRICA NORMA CODENSA CS- 275. INCLUYE DRENAJE EN DIAM 4" CON VÁLVULA CHEQUE A DRENAJE MÁS CERCANO | I40: UND | J40: 10 | K40: =ROUND(O40,0) -> 3375139 | L40: =ROUND(J40*K40,0) -> 33751390 | O40: =ROUNDUP(3375138.91714104,0) -> 3375139
C41: SUBTOTAL | L41: =SUM(L33:L40) -> 1229939522
E42: 3 | G42: =+E42 -> 3 | H42: SISTEMA DE CONTROL
E43: 3.2 | F43: AC 150/5345-56B | H43: SUMINISTRO E INSTALACIÓN DE SISTEMA DE CONTROL CERTIFICADO L-890 PARA AYUDAS VISUALES. INCLUYE PLC, MÓDULOS DE I/O, SWITCHS ETHERNET/F.O., FUENTES, PROTECCIONES, MONITOR (HDMI) HMI TOUCH SCREEN EN TWR, MONITOR (HDMI) HMI EN SALA TÉCNICA, CONEXIÓN A CCRS, RED LAN ETHERNET, RED DE FIBRA ÓPTICA EN ANILLO, PERIFÉRICOS Y SENSORES DE MONITOREO PARA CCR'S, SOFTWARE Y LICENCIAS | I43: GL | J43: 1 | K43: =ROUND(O43,0) -> 237670120 | L43: =ROUND(J43*K43,0) -> 237670120 | O43: =ROUNDUP(237670119.766874,0) -> 237670120
C44: SUBTOTAL | L44: =SUM(L43:L43) -> 237670120
C46: COSTO DIRECTO | L46: =L31+L41+L44 -> 4616556283 | O46: 4.6165341e+09
C47: IVA | K47: 0.19 | L47: =ROUND(L46*K47,0) -> 877145694
C48: TOTAL OBRA | K48: =ROUND(+L46+L47,0) -> 5493701977
L51: =K48 -> 5493701977

Sheet 1
A1: UNIDAD ADMINISTRATIVA ESPECIAL DE AERONÁUTICA CIVIL
A2: ='RESUMEN P1'!B7 -> PROCESO DE LICITACIÓN PÚBLICA 24001224 H1 2024
A3: ='RESUMEN P1'!B6 -> REALIZAR EL SUMINISTRO E INSTALACIÓN DE LOS SISTEMAS DE AYUDAS VISUALES Y SUS OBRAS COMPLEMENTARIAS PARA EL AEROPUERTO PERALES DE IBAGUÉ, TOLIMA (VF)
A4: ='RESUMEN P1'!B11 -> 1 | B4: ='RESUMEN P1'!C11 -> SKYTECH | F4: % PO | I4: APORTANTE DE LA EXPERIENCIA - GENERAL | O4: % PP
I5: SKYTECH S.A.S | O5: 1 | R5: AÑO | S5: 2024 | T5: 2023 | U5: 2022 | V5: 2021 | W5: 2020 | X5: 2019 | Y5: 2018 | Z5: 2017 | AA5: 2016 | AB5: 2015 | AC5: 2014 | AD5: 2013 | AE5: 2012 | AF5: 2011
R6: VALOR SALARIO | S6: 1300000 | T6: 1160000 | U6: 1000000 | V6: 908526 | W6: 877803 | X6: 828116 | Y6: 781242 | Z6: 737717 | AA6: 689455 | AB6: 644350 | AC6: 616000 | AD6: 589500 | AE6: 566700 | AF6: 535600
R7: AÑO | S7: 2010 | T7: 2009 | U7: 2008 | V7: 2007 | W7: 2006 | X7: 2005 | Y7: 2004 | Z7: 2003 | AA7: 2002 | AB7: 2001 | AC7: 2000 | AD7: 1999 | AE7: 1998 | AF7: 1997
R8: VALOR SALARIO | S8: 515000 | T8: 496900 | U8: 461500 | V8: 433700 | W8: 408000 | X8: 381500 | Y8: 358000 | Z8: 332000 | AA8: 309000 | AB8: 286000 | AC8: 260100 | AD8: 236438 | AE8: 203825 | AF8: 172005
R9: AÑO | S9: 1996 | T9: 1995 | U9: 1994 | V9: 1993 | W9: 1992 | X9: 1991 | Y9: 1990
I10: TOTAL | O10: =+SUM(O5:O9) -> 1 | R10: VALOR SALARIO | S10: 142125 | T10: 118934 | U10: 98700 | V10: 81510 | W10: 65190 | X10: 51720 | Y10: 41025
A11: CÓDIGOS | B11: 81101700 39111600 72151500 | C11: PRESUPUESTO A EVALUAR (P.O) | I11: ='PPTO IBAGUE OFICIAL 2024'!K48 -> 5493701977 | J11: PO SMMLV | M11: =I11/S6 -> 4225.9246
A13: REQUISITOS HABILITANTES (CUMPLE /NO CUMPLE)
A14: EVALUACIÓN EXPERIENCIA GENERAL PROPONENTE
A15: (5) contratos registrados en el RUP e identificados en al menos en uno (1) de los códigos UNSPSC requeridos y que, sumados su valor total, expresado en SMMLV, sea igual o mayor al cien por ciento (100%) del presupuesto oficial
A16: 100 % PO | B16: CTO´S | C16: No. CONSECUTIVO EN EL RUP | D16: CONTRATANTE | E16: INFO DEL CONTRATO | F16: PRESENTA DOCUMENTOS ENLISTADOS | G16: CUMPLE CÓDIGOS 81101700 39111600 72151500 | H16: CUMPLE EXPERIENCIA? | I16: QUIEN APORTA LA EXPERIENCIA? | J16: AÑO DE TERMINACIÓN DEL CONTRATO | K16: VALOR TOTAL EN PESOS | L16: VALOR TOTAL SMMLV - RUP | M16: % PARTICIPACIÓN | N16: VALOR TOTAL AFECTADO | O16: CUMPLE / NO CUMPLE
A17: =M11 -> 4225.9246 | B17: CTO 1 | C17: 71 | D17: UNIDAD ADMINISTRATIVA ESPECIAL AERONÁUTICA CIVIL RAPIDEXXUS S.A. | E17: REALIZAR OBRAS CIVILES Y ELÉCTRICAS PARA LA INSTALACIÓN Y PUESTA EN FUNCIONAMIENTO DE SISTEMAS DE LUCES DE APROXIMACIÓN PARA EL AEROPUERTO DE RIONEGRO | F17: SI | G17: SI | H17: SI | I17: =I5 -> SKYTECH S.A.S | J17: 43357 | K17: 1076162982 | L17: =K17/Y6 -> 1377.5027 | M17: 1 | N17: =IF(AND(G17="SI",H17="SI"),(L17*M17),0) -> 1377.5027 | O17: =+IF(AND(H17="SI",G17="SI"),"CUMPLE","NO CUMPLE") -> CUMPLE
B18: CTO 2 | C18: 77 | D18: UNIDAD ADMINISTRATIVA ESPECIAL AERONÁUTICA CIVIL | E18: CONTRATAR EL MANTENIMIENTO, INSTALACIÓN Y ADECUACIÓN DE LOS SISTEMAS DE AYUDAS VISUALES DEL AEROPUERTO SIMON BOLIVAR DE LA CIUDAD DE SANTA MARTA | F18: SI | G18: SI | H18: SI | I18: =I5 -> SKYTECH S.A.S | J18: 43356 | K18: 261583417 | L18: =K18/Y6 -> 334.8302 | M18: 1 | N18: =IF(AND(G18="SI",H18="SI"),(L18*M18),0) -> 334.8302 | O18: =+IF(AND(H18="SI",G18="SI"),"CUMPLE","NO CUMPLE") -> CUMPLE
B19: CTO 3 | C19: 110 | D19: UNIDAD ADMINISTRATIVA ESPECIAL AERONÁUTICA CIVIL RAPIDEXXUS S.A. | E19: OBRAS CIVILES COMPLEMENTARIAS, MANO DE OBRA E INSTALACIÓN DEL SISTEMA DE ILUMINACIÓN DE PISTA Y SISTEMA DE APROXIMACIÓN PARA EL AEROPUERTO DE SAN ANDRÉS | F19: SI | G19: SI | H19: SI | I19: =I5 -> SKYTECH S.A.S | J19: 44438 | K19: 2508611313 | L19: =K19/V6 -> 2761.1882 | M19: 1 | N19: =IF(AND(G19="SI",H19="SI"),(L19*M19),0) -> 2761.1882 | O19: =+IF(AND(H19="SI",G19="SI"),"CUMPLE","NO CUMPLE") -> CUMPLE
B20: CTO 4 | C20: 128 | D20: UNIDAD ADMINISTRATIVA ESPECIAL AERONÁUTICA CIVIL RAPIDEXXUS S.A. | E20: OBRAS CIVILES COMPLEMENTARIAS, MANO DE OBRA E INSTALACIÓN DEL SISTEMA DE ILUMINACION DE APROXIMACION PARA EL AEROPUERTO EL DORADO PISTA 13-31L. (Incluyendo suministros conforme a las actas parciales) | F20: SI | G20: SI | H20: SI | I20: =I5 -> SKYTECH S.A.S | J20: 44847 | K20: 2353184261 | L20: 2379.95 | M20: 1 | N20: =IF(AND(G20="SI",H20="SI"),(L20*M20),0) -> 2379.95 | O20: =+IF(AND(H20="SI",G20="SI"),"CUMPLE","NO CUMPLE") -> CUMPLE
B21: CTO 5 | C21: 129 | D21: CONSORCIO INFRAESTRUCTURA RIOHACHA | E21: REALIZAR EL SUMINISTRO E INSTALACIÓN DEL SISTEMA DE ILUMINACIÓN DE PISTA, AYUDAS VISUALES, SISTEMA DE APROXIMACIÓN E INFRAESTRUCTURA ELÉCTRICA DE RESPALDO, PARA EL AEROPUERTO ALMIRANTE PADILLA DE RIOHACHA - GUAJIRA | F21: SI | G21: SI | H21: SI | I21: =I5 -> SKYTECH S.A.S | J21: 44884 | K21: 4602898739 | L21: =K21/U6 -> 4602.8987 | M21: 1 | N21: =IF(AND(G21="SI",H21="SI"),(L21*M21),0) -> 4602.8987 | O21: =+IF(AND(H21="SI",G21="SI"),"CUMPLE","NO CUMPLE") -> CUMPLE
A22: RESULTADO EVALUACIÓN EXPERIENCIA GENERAL | N22: =SUM(N17:N21) -> 11456.37 | O22: =+IF(OR(O18="CUMPLE",O21="CUMPLE",O20="CUMPLE",O19="CUMPLE",O17="CUMPLE")*AND(N22>=A17),"CUMPLE","NO CUMPLE") -> CUMPLE
A23: EVALUACIÓN EXPERIENCIA ESPECIFICA PROPONENTE
A24: (5) certificaciones de contratos o actas de liquidación o actas de terminación de contratos celebrados con entidades públicas o privadas, ejecutados y terminados; debidamente registrados en el RUP e identificados en al menos en uno (1) de los códigos UNSPSC requeridos en la experiencia general; que sumados su valor total, expresado en SMMLV, sea igual o mayor al cincuenta por ciento (50%) del presupuesto oficial
A25: SUMINISTRO Y/O ADQUISICIÓN Y/O INSTALACIÓN Y/O PUESTA EN FUNCIONAMIENTO DE SISTEMAS DE AYUDAS VISUALES
A26: 50% PO | B26: CTO´S | C26: No. CONSECUTIVO EN EL RUP | D26: CONTRATANTE | E26: INFO DEL CONTRATO | F26: PRESENTA DOCUMENTOS ENLISTADOS | G26: CUMPLE CÓDIGOS 81101700 39111600 72151500 | H26: CUMPLE EXPERIENCIA? | I26: QUIEN APORTA LA EXPERIENCIA? | J26: AÑO DE TERMINACIÓN DEL CONTRATO | K26: VALOR TOTAL EN PESOS | L26: VALOR TOTAL SMMLV - RUP | M26: % PARTICIPACIÓN | N26: VALOR TOTAL AFECTADO | O26: CUMPLE / NO CUMPLE
A27: =M11*50% -> 2112.9623 | B27: CTO 1 | C27: 71 | D27: UNIDAD ADMINISTRATIVA ESPECIAL AERONÁUTICA CIVIL RAPIDEXXUS S.A. | E27: REALIZAR OBRAS CIVILES Y ELÉCTRICAS PARA LA INSTALACIÓN Y PUESTA EN FUNCIONAMIENTO DE SISTEMAS DE LUCES DE APROXIMACIÓN PARA EL AEROPUERTO DE RIONEGRO | F27: SI | G27: SI | H27: SI | I27: =I5 -> SKYTECH S.A.S | J27: 43357 | K27: 1076162982 | L27: =K27/Y6 -> 1377.5027 | M27: 1 | N27: =IF(AND(G27="SI",H27="SI"),(L27*M27),0) -> 1377.5027 | O27: =+IF(AND(H27="SI",G27="SI"),"CUMPLE","NO CUMPLE") -> CUMPLE
B28: CTO 2 | C28: 77 | D28: UNIDAD ADMINISTRATIVA ESPECIAL AERONÁUTICA CIVIL | E28: CONTRATAR EL MANTENIMIENTO, INSTALACIÓN Y ADECUACIÓN DE LOS SISTEMAS DE AYUDAS VISUALES DEL AEROPUERTO SIMON BOLIVAR DE LA CIUDAD DE SANTA MARTA | F28: SI | G28: SI | H28: SI | I28: =I5 -> SKYTECH S.A.S | J28: 43356 | K28: 261583417 | L28: =K28/Y6 -> 334.8302 | M28: 1 | N28: =IF(AND(G28="SI",H28="SI"),(L28*M28),0) -> 334.8302 | O28: =+IF(AND(H28="SI",G28="SI"),"CUMPLE","NO CUMPLE") -> CUMPLE
B29: CTO 3 | C29: 110 | D29: UNIDAD ADMINISTRATIVA ESPECIAL AERONÁUTICA CIVIL RAPIDEXXUS S.A. | E29: OBRAS CIVILES COMPLEMENTARIAS, MANO DE OBRA E INSTALACIÓN DEL SISTEMA DE ILUMINACIÓN DE PISTA Y SISTEMA DE APROXIMACIÓN PARA EL AEROPUERTO DE SAN ANDRÉS | F29: SI | G29: SI | H29: SI | I29: =I5 -> SKYTECH S.A.S | J29: 44438 | K29: 2508611313 | L29: =K29/V6 -> 2761.1882 | M29: 1 | N29: =IF(AND(G29="SI",H29="SI"),(L29*M29),0) -> 2761.1882 | O29: =+IF(AND(H29="SI",G29="SI"),"CUMPLE","NO CUMPLE") -> CUMPLE
B30: CTO 4 | C30: 128 | D30: UNIDAD ADMINISTRATIVA ESPECIAL AERONÁUTICA CIVIL RAPIDEXXUS S.A. | E30: OBRAS CIVILES COMPLEMENTARIAS, MANO DE OBRA E INSTALACIÓN DEL SISTEMA DE ILUMINACION DE APROXIMACION PARA EL AEROPUERTO EL DORADO PISTA 13-31L. (Incluyendo suministros conforme a las actas parciales) | F30: SI | G30: SI | H30: SI | I30: =I15 -> 0 | J30: 44847 | K30: 2353184261 | L30: 2379.95 | M30: 1 | N30: =IF(AND(G30="SI",H30="SI"),(L30*M30),0) -> 2379.95 | O30: =+IF(AND(H30="SI",G30="SI"),"CUMPLE","NO CUMPLE") -> CUMPLE
B31: CTO 5 | C31: 129 | D31: CONSORCIO INFRAESTRUCTURA RIOHACHA | E31: REALIZAR EL SUMINISTRO E INSTALACIÓN DEL SISTEMA DE ILUMINACIÓN DE PISTA, AYUDAS VISUALES, SISTEMA DE APROXIMACIÓN E INFRAESTRUCTURA ELÉCTRICA DE RESPALDO, PARA EL AEROPUERTO ALMIRANTE PADILLA DE RIOHACHA - GUAJIRA | F31: SI | G31: SI | H31: SI | I31: =I5 -> SKYTECH S.A.S | J31: 44884 | K31: 4602898739 | L31: =K31/U6 -> 4602.8987 | M31: 1 | N31: =IF(AND(G31="SI",H31="SI"),(L31*M31),0) -> 4602.8987 | O31: =+IF(AND(H31="SI",G31="SI"),"CUMPLE","NO CUMPLE") -> CUMPLE
A32: RESULTADO EVALUACIÓN EXPERIENCIA ESPECIFICA | N32: =SUM(N27:N31) -> 11456.37 | O32: =+IF(OR(O30="CUMPLE",O27="CUMPLE")*AND(N32>=A27),"CUMPLE","NO CUMPLE") -> CUMPLE
A33: FORMATO 8 ESPECIFICACIONES TÉCNICAS
A34: Con la presentación y firma del “Formato 14 - Carta de Presentación de la Oferta”, se entiende que el proponente conoce y acepta todos los requisitos allí establecidos. En tal sentido, no será necesario aportar el “Formato No. 8 – Especificaciones Técnicas” con la propuesta y en consecuencia no será objeto de verificación del comité evaluador | O34: CUMPLE
A35: CERTIFICACIÓN DEL FABRICANTE FABRICACIÓN MÍNIMO 2024
A36: El proponente debe anexar certificación del fabricante donde manifieste que los equipos ofertados poseen fecha de fabricación mínimo del año 2024, garantizando adicionalmente que son equipos nuevos, no remanufacturados o renovados | O36: CUMPLE
A37: DISPONIBILIDAD DE REPUESTOS POR 10 AÑOS
A38: El proponente debe garantizar la disponibilidad de repuestos por un tiempo mínimo de diez (10) años certificados por el fabricante, contados a partir de la fecha de acta de recibo final | O38: CUMPLE
A39: CERTIFICADO DE REPRESENTACIÓN
A40: El proponente debe anexar junto con la propuesta el Certificado de Representación y/o Agenciamiento y/o Distribución Autorizada de los Bienes, expedido por el Fabricante o por el Distribuidor Autorizado por el Fabricante de los bienes ofrecidos, en el cual se indique que está autorizado para distribuir estos bienes objeto de la presente contratación. La fecha de expedición de la certificación debe ser de máximo tres (3) meses anteriores a la fecha de cierre del presente proceso de contratación | O40: CUMPLE
A41: FICHAS TÉCNICAS DEL FABRICANTE
A42: El proponente debe anexar junto con la propuesta las fichas técnicas del fabricante, documento con el cual la Entidad verifica y corrobora el cumplimiento de las especificaciones técnicas de los equipos ofertados; no se aceptarán fichas técnicas elaboradas por el proponente a menos que el proponente sea el mismo fabricante. ANEXO No 3. | O42: CUMPLE
A43: CERTIFICADO DE GARANTÍA DE LOS BIENES O SERVICIOS
A44: El proponente debe anexar junto con la propuesta documento suscrito por el Representante Legal, mediante la cual se compromete, en caso de resultar adjudicatario, a otorgar un tiempo de garantía para los bienes y/o servicios de mínimo un (1) año y bajo las condiciones descritas en el Formato 8 Especificaciones Técnicas | O44: CUMPLE
A45: CRITERIOS DE EVALUACIÓN
A46: PROPUESTA ECONÓMICA O PRECIO
A47: El proponente debe anexar junto con la propuesta documento Formato 7 - Propuesta Económica | O47: CUMPLE
A48: FACTOR DE CALIDAD (MAX 18.5 PUNTOS)
A49: Suministro de luces adicionales. El proponente obtendrá los puntos del factor de calidad si ofrece las siguientes luces adicionales para destinarlas para stock de repuestos de las ayudas visuales. En caso de no ofrecer las luces adicionales obtendrá cero (0) puntos | M49: CUMPLE | O49: 18.5
A50: APOYO A LA INDUSTRIA NACIONAL (MAX 10 PUNTOS)
A51: SERVICIOS NACIONALES | C51: Para que el Proponente nacional obtenga puntaje por Servicios Nacionales debe presentar, además del Formato 18A – Promoción de Servicios Nacionales o con Trato Nacional, alguno de los siguientes documentos, según corresponda: A. Persona natural colombiana: La cédula de ciudadanía del proponente. B. Persona natural extranjera residente en Colombia: La visa de residencia que le permita la ejecución del objeto contractual de conformidad con la ley. C. Persona jurídica constituida en Colombia: El certificado de existencia y representación legal emitido por alguna de las cámaras de comercio del país. | M51: PUNTAJE ASIGNADO
M52: CUMPLE
M53: 10
A55: PROPONENTE EXTRANJERO PUNTAJE POR TRATO NACIONAL | C55: Para que el proponente extranjero obtenga puntaje por trato nacional debe acreditar que los servicios son originarios de los estados mencionados en la sección de acuerdos comerciales aplicables al presente proceso de contratación, información que se acreditará con los documentos que aporte el proponente extranjero para acreditar su domicilio. Para asignar el puntaje por servicios nacionales o por trato nacional el proponente nacional o extranjero con trato nacional no deben presentar el Formato 7 – Puntaje de Industria Nacional. Únicamente deberán presentar los documentos señalados en esta sección.
A57: NOTA: La entidad asignará diez (10) puntos a un proponente plural cuando todos sus integrantes cumplan con las anteriores condiciones. Cuando uno de sus integrantes no cumpla con las condiciones descritas no obtendrá puntaje por servicios nacionales o trato Nacional. El Formato 18B – Puntaje de Industria Nacional únicamente debe ser aportado por los proponentes extranjeros sin derecho a trato nacional que opten por incorporar personal calificado. En el evento que un proponente nacional o extranjero con trato nacional lo presente, no será una razón para no otorgar el puntaje de promoción de servicios nacionales o con trato nacional.
A58: PROPONENTES CON TRABAJADORES CON DISCAPACIDAD (MAX 1 PUNTO)
A59: La entidad asignará un (1) punto al proponente que acredite el número mínimo de personas con discapacidad de acuerdo con el número total de trabajadores de la planta de su personal en los términos señalados en el artículo 2.2.1.2.4.2.6. del Decreto 1082 de 2015 (adicionado por el Decreto 392 de 2018). | M59: PUNTAJE ASIGNADO
A60: Para esto debe presentar: i) el Formato 22 – Vinculación de personas en condición de discapacidad suscrito por la persona natural, el representante legal o el revisor fiscal, según corresponda en el cual certifique el número total de trabajadores vinculados a la planta de personal del proponente o sus integrantes a la fecha de cierre del proceso de selección, ii) acreditar el número mínimo de personas con discapacidad en su planta de personal, de conformidad con lo señalado en el certificado expedido por el Ministerio de Trabajo, el cual deberá estar vigente a la fecha de cierre del proceso de selección. | M60: CUMPLE
A61: Para los proponentes plurales, la entidad tendrá en cuenta la planta de personal del integrante del proponente plural que aporte como mínimo el cuarenta por ciento (40%) de la experiencia requerida para el proceso de contratación. Este porcentaje de experiencia se tomará sobre el “Valor mínimo a certificar (como % del presupuesto oficial expresado en SMMLV)” de conformidad con el numeral 3.8.1, sin importar si la experiencia es general o específica. | M61: 1
A62: EMPRENDIMIENTO Y EMPRESAS DE MUJERES (MAX 0.25 PUNTOS)
A63: Para que el Proponente obtenga este puntaje debe diligenciar el Formato 24 – Acreditación de emprendimientos y empresas de mujeres y aportar la documentación requerida. | M63: PUNTAJE ASIGNADO
A64: Tratándose de Proponentes Plurales este puntaje solo se otorgará si por lo menos uno de los integrantes acredita la calidad de emprendimientos y empresas de mujeres y tiene una participación igual o superior al diez por ciento (10 %) en el Consorcio o en la Unión Temporal. | M64: CUMPLE | O64: 0.25
A65: MiPYME (MAX 0.25 PUNTOS)
A66: La Entidad otorgará un puntaje de cero punto veinticinco (0.25) puntos al Proponente que acredite la calidad de Mipyme domiciliada en Colombia de conformidad con el artículo 2.2.1.2.4.2.4 del Decreto 1082 de 2015, en concordancia con el parágrafo del artículo 2.2.1.13.2.4 del Decreto 1074 de 2015, o la norma que lo modifique, complemente o sustituya. | M66: PUNTAJE ASIGNADO
A67: Para que el Proponente obtenga este puntaje podrá presentar el “Formato 23 - Acreditación de MiPymes” o certificación con la información y documentación requeridas en el artículo 2.2.1.2.4.2.4 del Decreto 1082 de 2015, o la norma que lo modifique, complemente o sustituya. En todo caso, las MiPymes también podrán acreditar esta condición con la copia del certificado del Registro Único de Proponentes, el cual deberá encontrarse vigente y en firme al momento de su presentación. Tratándose de Proponentes Plurales este puntaje se otorgará si por lo menos uno de los integrantes acredita la calidad de Mipyme y tiene una participación igual o superior al diez por ciento (10%) en el consorcio o la unión temporal. | M67: CUMPLE | O67: 0.25
A68: OBSERVACIONES:

Sheet 2
A1: UNIDAD ADMINISTRATIVA ESPECIAL DE AERONÁUTICA CIVIL
A2: ='RESUMEN P1'!B7 -> PROCESO DE LICITACIÓN PÚBLICA 24001224 H1 2024
A3: ='RESUMEN P1'!B6 -> REALIZAR EL SUMINISTRO E INSTALACIÓN DE LOS SISTEMAS DE AYUDAS VISUALES Y SUS OBRAS COMPLEMENTARIAS PARA EL AEROPUERTO PERALES DE IBAGUÉ, TOLIMA (VF)
A4: ='RESUMEN P1'!B12 -> 2 | B4: ='RESUMEN P1'!C12 -> RAPIDEXXUS | F4: % PO | I4: APORTANTE DE LA EXPERIENCIA - GENERAL | O4: % PP
I5: RAPIDEXXUS S.A.S | O5: 1 | R5: AÑO | S5: 2024 | T5: 2023 | U5: 2022 | V5: 2021 | W5: 2020 | X5: 2019 | Y5: 2018 | Z5: 2017 | AA5: 2016 | AB5: 2015 | AC5: 2014 | AD5: 2013 | AE5: 2012 | AF5: 2011
R6: VALOR SALARIO | S6: 1300000 | T6: 1160000 | U6: 1000000 | V6: 908526 | W6: 877803 | X6: 828116 | Y6: 781242 | Z6: 737717 | AA6: 689455 | AB6: 644350 | AC6: 616000 | AD6: 589500 | AE6: 566700 | AF6: 535600
R7: AÑO | S7: 2010 | T7: 2009 | U7: 2008 | V7: 2007 | W7: 2006 | X7: 2005 | Y7: 2004 | Z7: 2003 | AA7: 2002 | AB7: 2001 | AC7: 2000 | AD7: 1999 | AE7: 1998 | AF7: 1997
R8: VALOR SALARIO | S8: 515000 | T8: 496900 | U8: 461500 | V8: 433700 | W8: 408000 | X8: 381500 | Y8: 358000 | Z8: 332000 | AA8: 309000 | AB8: 286000 | AC8: 260100 | AD8: 236438 | AE8: 203825 | AF8: 172005
R9: AÑO | S9: 1996 | T9: 1995 | U9: 1994 | V9: 1993 | W9: 1992 | X9: 1991 | Y9: 1990
I10: TOTAL | O10: =+SUM(O5:O9) -> 1 | R10: VALOR SALARIO | S10: 142125 | T10: 118934 | U10: 98700 | V10: 81510 | W10: 65190 | X10: 51720 | Y10: 41025
A11: CÓDIGOS | B11: 81101700 39111600 72151500 | C11: PRESUPUESTO A EVALUAR (P.O) | I11: ='PPTO IBAGUE OFICIAL 2024'!K48 -> 5493701977 | J11: PO SMMLV | M11: =I11/S6 -> 4225.9246
A13: REQUISITOS HABILITANTES (CUMPLE /NO CUMPLE)
A14: EVALUACIÓN EXPERIENCIA GENERAL PROPONENTE
A15: (5) contratos registrados en el RUP e identificados en al menos en uno (1) de los códigos UNSPSC requeridos y que, sumados su valor total, expresado en SMMLV, sea igual o mayor al cien por ciento (100%) del presupuesto oficial
A16: 100 % PO | B16: CTO´S | C16: No. CONSECUTIVO EN EL RUP | D16: CONTRATANTE | E16: INFO DEL CONTRATO | F16: PRESENTA DOCUMENTOS ENLISTADOS | G16: CUMPLE CÓDIGOS 81101700 39111600 72151500 | H16: CUMPLE EXPERIENCIA? | I16: QUIEN APORTA LA EXPERIENCIA? | J16: AÑO DE TERMINACIÓN DEL CONTRATO | K16: VALOR TOTAL EN PESOS | L16: VALOR TOTAL SMMLV - RUP | M16: % PARTICIPACIÓN | N16: VALOR TOTAL AFECTADO | O16: CUMPLE / NO CUMPLE
A17: =M11 -> 4225.9246 | B17: CTO 1 | C17: 191 | D17: AERONÁUTICA CIVIL | E17: MANTENIMIENTO Y CONSERVACION DE LOS SISTEMAS DE AYUDA VISUALES Y SISTEMAS DE AYUDAS VISUALES Y SISTEMAS COMPLEMENTARIOS PARA EL LADO AIRE DEL AEROPUERTO INTERNACIONAL EL DORADO DE BOGOTA INCLUYENDO INSUMOS Y MANO DE OBRA | F17: SI | G17: SI | H17: SI | I17: =I5 -> RAPIDEXXUS S.A.S | J17: 44334 | K17: 3.091615e+09 | L17: 4253.61 | M17: 0.8 | N17: =IF(AND(G17="SI",H17="SI"),(L17*M17),0) -> 3402.888 | O17: =+IF(AND(H17="SI",G17="SI"),"CUMPLE","NO CUMPLE") -> CUMPLE
B18: CTO 2 | C18: 41 | D18: AERONÁUTICA CIVIL | E18: CONTRATAR LA ADQUISICIÓN Y PUESTA EN SERVICIO DE LOS SISTEMAS DE ILUMINACIÓN DE PISTA AEROPUERTO DE TOLU-SUCRE | F18: SI | G18: SI | H18: SI | I18: =I5 -> RAPIDEXXUS S.A.S | J18: 41183 | K18: 1045840858 | L18: =K18/AE6 -> 1845.493 | M18: 1 | N18: =IF(AND(G18="SI",H18="SI"),(L18*M18),0) -> 1845.493 | O18: =+IF(AND(H18="SI",G18="SI"),"CUMPLE","NO CUMPLE") -> CUMPLE
B19: CTO 3 | C19: 153 | D19: AERONÁUTICA CIVIL | E19: ADQUISICIÓN , INSTALACIÓN , Y PUESTA EN FUNCIONAMIENTO DE SISTEMAS DE LUCES DE APROXIMACIÓN PARA EL AEROPUERTO CAMILO DAZA DE LA CIUDAD DE CUCUTA | F19: SI | G19: SI | H19: SI | I19: =I5 -> RAPIDEXXUS S.A.S | J19: 42668 | K19: 2546880029 | L19: =K19/AA6 -> 3694.0482 | M19: 1 | N19: =IF(AND(G19="SI",H19="SI"),(L19*M19),0) -> 3694.0482 | O19: =+IF(AND(H19="SI",G19="SI"),"CUMPLE","NO CUMPLE") -> CUMPLE
A22: RESULTADO EVALUACIÓN EXPERIENCIA GENERAL | N22: =SUM(N17:N21) -> 8942.4292 | O22: =+IF(OR(O18="CUMPLE",O21="CUMPLE",O20="CUMPLE",O19="CUMPLE",O17="CUMPLE")*AND(N22>=A17),"CUMPLE","NO CUMPLE") -> CUMPLE
A23: EVALUACIÓN EXPERIENCIA ESPECIFICA PROPONENTE
A24: (5) certificaciones de contratos o actas de liquidación o actas de terminación de contratos celebrados con entidades públicas o privadas, ejecutados y terminados; debidamente registrados en el RUP e identificados en al menos en uno (1) de los códigos UNSPSC requeridos en la experiencia general; que sumados su valor total, expresado en SMMLV, sea igual o mayor al cincuenta por ciento (50%) del presupuesto oficial
A25: SUMINISTRO Y/O ADQUISICIÓN Y/O INSTALACIÓN Y/O PUESTA EN FUNCIONAMIENTO DE SISTEMAS DE AYUDAS VISUALES
A26: 50% PO | B26: CTO´S | C26: No. CONSECUTIVO EN EL RUP | D26: CONTRATANTE | E26: INFO DEL CONTRATO | F26: PRESENTA DOCUMENTOS ENLISTADOS | G26: CUMPLE CÓDIGOS 81101700 39111600 72151500 | H26: CUMPLE EXPERIENCIA? | I26: QUIEN APORTA LA EXPERIENCIA? | J26: AÑO DE TERMINACIÓN DEL CONTRATO | K26: VALOR TOTAL EN PESOS | L26: VALOR TOTAL SMMLV - RUP | M26: % PARTICIPACIÓN | N26: VALOR TOTAL AFECTADO | O26: CUMPLE / NO CUMPLE
A27: =M11*50% -> 2112.9623 | B27: CTO 1 | C27: 41 | D27: AERONÁUTICA CIVIL | E27: CONTRATAR LA ADQUISICIÓN Y PUESTA EN SERVICIO DE LOS SISTEMAS DE ILUMINACIÓN DE PISTA AEROPUERTO DE TOLU-SUCRE | F27: SI | G27: SI | H27: SI | I27: =I5 -> RAPIDEXXUS S.A.S | J27: 41183 | K27: 1045840858 | L27: =K27/AE6 -> 1845.493 | M27: 1 | N27: =IF(AND(G27="SI",H27="SI"),(L27*M27),0) -> 1845.493 | O27: =+IF(AND(H27="SI",G27="SI"),"CUMPLE","NO CUMPLE") -> CUMPLE
B28: CTO 2 | C28: 153 | D28: AERONÁUTICA CIVIL | E28: ADQUISICIÓN , INSTALACIÓN , Y PUESTA EN FUNCIONAMIENTO DE SISTEMAS DE LUCES DE APROXIMACIÓN PARA EL AEROPUERTO CAMILO DAZA DE LA CIUDAD DE CUCUTA | F28: SI | G28: SI | H28: SI | I28: =I5 -> RAPIDEXXUS S.A.S | J28: 42668 | K28: 2546880029 | L28: =K28/AA6 -> 3694.0482 | M28: 1 | N28: =IF(AND(G28="SI",H28="SI"),(L28*M28),0) -> 3694.0482 | O28: =+IF(AND(H28="SI",G28="SI"),"CUMPLE","NO CUMPLE") -> CUMPLE
B29: CTO 3 | C29: 204 | D29: AERONÁUTICA CIVIL | E29: ADQUIRIR INSTALAR Y PONER EN SERVICIO SISTEMAS DE ILUMINACION DE APROXIMACION PARA EL AEROPUERTO EL DORADO PISTA 13R-31L | F29: SI | G29: SI | H29: SI | I29: =I5 -> RAPIDEXXUS S.A.S | J29: 44847 | K29: 6224436264 | L29: =K29/U6 -> 6224.4363 | M29: 1 | N29: =IF(AND(G29="SI",H29="SI"),(L29*M29),0) -> 6224.4363 | O29: =+IF(AND(H29="SI",G29="SI"),"CUMPLE","NO CUMPLE") -> CUMPLE
B30: CTO 4 | C30: 68 | D30: AEROPUERTO INTERNACIONAL SANTA ANA | E30: SUMINISTROS, INSTALACION Y PUESTA EN FUNCIONAMIENTO DEL SISTEMAS DE ILUMINACION DE PISTA DEL AEROPUERTO INTERNACIONAL SANTA ANA S.A DE CARTAGO DE VALLE | F30: SI | G30: SI | H30: SI | I30: =I5 -> RAPIDEXXUS S.A.S | J30: 38364 | K30: 2353184261 | L30: 4959.71 | M30: 0.4 | N30: =IF(AND(G30="SI",H30="SI"),(L30*M30),0) -> 1983.884 | O30: =+IF(AND(H30="SI",G30="SI"),"CUMPLE","NO CUMPLE") -> CUMPLE
B31: CTO 5 | C31: 127 | D31: AERONÁUTICA CIVIL | E31: ADJUDICACION PARCIAL ITEMS 2 Y 3 ADQUISICION, INSTALACION Y PUESTA ENSERVICIO DE LOS SISTEMAS DE ILUMINACION PARA LA PISTA DE LOS AEROPUERTOS DE LETICIA Y APARTADO | F31: SI | G31: SI | H31: SI | I31: =I5 -> RAPIDEXXUS S.A.S | J31: 37927 | K31: 6.0601191e+08 | L31: 2281.67 | M31: 0.8 | N31: =IF(AND(G31="SI",H31="SI"),(L31*M31),0) -> 1825.336 | O31: =+IF(AND(H31="SI",G31="SI"),"CUMPLE","NO CUMPLE") -> CUMPLE
A32: RESULTADO EVALUACIÓN EXPERIENCIA ESPECIFICA | N32: =SUM(N27:N31) -> 15573.197 | O32: =+IF(OR(O30="CUMPLE",O27="CUMPLE")*AND(N32>=A27),"CUMPLE","NO CUMPLE") -> CUMPLE
A33: FORMATO 8 ESPECIFICACIONES TÉCNICAS
A34: Con la presentación y firma del “Formato 14 - Carta de Presentación de la Oferta”, se entiende que el proponente conoce y acepta todos los requisitos allí establecidos. En tal sentido, no será necesario aportar el “Formato No. 8 – Especificaciones Técnicas” con la propuesta y en consecuencia no será objeto de verificación del comité evaluador | O34: CUMPLE
A35: CERTIFICACIÓN DEL FABRICANTE FABRICACIÓN MÍNIMO 2024
A36: El proponente debe anexar certificación del fabricante donde manifieste que los equipos ofertados poseen fecha de fabricación mínimo del año 2024, garantizando adicionalmente que son equipos nuevos, no remanufacturados o renovados | O36: CUMPLE
A37: DISPONIBILIDAD DE REPUESTOS POR 10 AÑOS
A38: El proponente debe garantizar la disponibilidad de repuestos por un tiempo mínimo de diez (10) años certificados por el fabricante, contados a partir de la fecha de acta de recibo final | O38: CUMPLE
A39: CERTIFICADO DE REPRESENTACIÓN
A40: El proponente debe anexar junto con la propuesta el Certificado de Representación y/o Agenciamiento y/o Distribución Autorizada de los Bienes, expedido por el Fabricante o por el Distribuidor Autorizado por el Fabricante de los bienes ofrecidos, en el cual se indique que está autorizado para distribuir estos bienes objeto de la presente contratación. La fecha de expedición de la certificación debe ser de máximo tres (3) meses anteriores a la fecha de cierre del presente proceso de contratación | O40: CUMPLE
A41: FICHAS TÉCNICAS DEL FABRICANTE
A42: El proponente debe anexar junto con la propuesta las fichas técnicas del fabricante, documento con el cual la Entidad verifica y corrobora el cumplimiento de las especificaciones técnicas de los equipos ofertados; no se aceptarán fichas técnicas elaboradas por el proponente a menos que el proponente sea el mismo fabricante. ANEXO No 3. | O42: CUMPLE
A43: CERTIFICADO DE GARANTÍA DE LOS BIENES O SERVICIOS
A44: El proponente debe anexar junto con la propuesta documento suscrito por el Representante Legal, mediante la cual se compromete, en caso de resultar adjudicatario, a otorgar un tiempo de garantía para los bienes y/o servicios de mínimo un (1) año y bajo las condiciones descritas en el Formato 8 Especificaciones Técnicas | O44: CUMPLE
A45: CRITERIOS DE EVALUACIÓN
A46: PROPUESTA ECONÓMICA O PRECIO
A47: El proponente debe anexar junto con la propuesta documento Formato 7 - Propuesta Económica | O47: CUMPLE
A48: FACTOR DE CALIDAD (MAX 18.5 PUNTOS)
A49: Suministro de luces adicionales. El proponente obtendrá los puntos del factor de calidad si ofrece las siguientes luces adicionales para destinarlas para stock de repuestos de las ayudas visuales. En caso de no ofrecer las luces adicionales obtendrá cero (0) puntos | M49: CUMPLE | O49: 18.5
A50: APOYO A LA INDUSTRIA NACIONAL (MAX 10 PUNTOS)
A51: SERVICIOS NACIONALES | C51: Para que el Proponente nacional obtenga puntaje por Servicios Nacionales debe presentar, además del Formato 18A – Promoción de Servicios Nacionales o con Trato Nacional, alguno de los siguientes documentos, según corresponda: A. Persona natural colombiana: La cédula de ciudadanía del proponente. B. Persona natural extranjera residente en Colombia: La visa de residencia que le permita la ejecución del objeto contractual de conformidad con la ley. C. Persona jurídica constituida en Colombia: El certificado de existencia y representación legal emitido por alguna de las cámaras de comercio del país. | M51: PUNTAJE ASIGNADO
M52: CUMPLE
M53: 10
A55: PROPONENTE EXTRANJERO PUNTAJE POR TRATO NACIONAL | C55: Para que el proponente extranjero obtenga puntaje por trato nacional debe acreditar que los servicios son originarios de los estados mencionados en la sección de acuerdos comerciales aplicables al presente proceso de contratación, información que se acreditará con los documentos que aporte el proponente extranjero para acreditar su domicilio. Para asignar el puntaje por servicios nacionales o por trato nacional el proponente nacional o extranjero con trato nacional no deben presentar el Formato 7 – Puntaje de Industria Nacional. Únicamente deberán presentar los documentos señalados en esta sección.
A57: NOTA: La entidad asignará diez (10) puntos a un proponente plural cuando todos sus integrantes cumplan con las anteriores condiciones. Cuando uno de sus integrantes no cumpla con las condiciones descritas no obtendrá puntaje por servicios nacionales o trato Nacional. El Formato 18B – Puntaje de Industria Nacional únicamente debe ser aportado por los proponentes extranjeros sin derecho a trato nacional que opten por incorporar personal calificado. En el evento que un proponente nacional o extranjero con trato nacional lo presente, no será una razón para no otorgar el puntaje de promoción de servicios nacionales o con trato nacional.
A58: PROPONENTES CON TRABAJADORES CON DISCAPACIDAD (MAX 1 PUNTO)
A59: La entidad asignará un (1) punto al proponente que acredite el número mínimo de personas con discapacidad de acuerdo con el número total de trabajadores de la planta de su personal en los términos señalados en el artículo 2.2.1.2.4.2.6. del Decreto 1082 de 2015 (adicionado por el Decreto 392 de 2018). | M59: PUNTAJE ASIGNADO
A60: Para esto debe presentar: i) el Formato 22 – Vinculación de personas en condición de discapacidad suscrito por la persona natural, el representante legal o el revisor fiscal, según corresponda en el cual certifique el número total de trabajadores vinculados a la planta de personal del proponente o sus integrantes a la fecha de cierre del proceso de selección, ii) acreditar el número mínimo de personas con discapacidad en su planta de personal, de conformidad con lo señalado en el certificado expedido por el Ministerio de Trabajo, el cual deberá estar vigente a la fecha de cierre del proceso de selección. | M60: CUMPLE
A61: Para los proponentes plurales, la entidad tendrá en cuenta la planta de personal del integrante del proponente plural que aporte como mínimo el cuarenta por ciento (40%) de la experiencia requerida para el proceso de contratación. Este porcentaje de experiencia se tomará sobre el “Valor mínimo a certificar (como % del presupuesto oficial expresado en SMMLV)” de conformidad con el numeral 3.8.1, sin importar si la experiencia es general o específica. | M61: 1
A62: EMPRENDIMIENTO Y EMPRESAS DE MUJERES (MAX 0.25 PUNTOS)
A63: Para que el Proponente obtenga este puntaje debe diligenciar el Formato 24 – Acreditación de emprendimientos y empresas de mujeres y aportar la documentación requerida. | M63: PUNTAJE ASIGNADO
A64: Tratándose de Proponentes Plurales este puntaje solo se otorgará si por lo menos uno de los integrantes acredita la calidad de emprendimientos y empresas de mujeres y tiene una participación igual o superior al diez por ciento (10 %) en el Consorcio o en la Unión Temporal. | M64: CUMPLE | O64: 0.25
A65: MiPYME (MAX 0.25 PUNTOS)
A66: La Entidad otorgará un puntaje de cero punto veinticinco (0.25) puntos al Proponente que acredite la calidad de Mipyme domiciliada en Colombia de conformidad con el artículo 2.2.1.2.4.2.4 del Decreto 1082 de 2015, en concordancia con el parágrafo del artículo 2.2.1.13.2.4 del Decreto 1074 de 2015, o la norma que lo modifique, complemente o sustituya. | M66: PUNTAJE ASIGNADO
A67: Para que el Proponente obtenga este puntaje podrá presentar el “Formato 23 - Acreditación de MiPymes” o certificación con la información y documentación requeridas en el artículo 2.2.1.2.4.2.4 del Decreto 1082 de 2015, o la norma que lo modifique, complemente o sustituya. En todo caso, las MiPymes también podrán acreditar esta condición con la copia del certificado del Registro Único de Proponentes, el cual deberá encontrarse vigente y en firme al momento de su presentación. Tratándose de Proponentes Plurales este puntaje se otorgará si por lo menos uno de los integrantes acredita la calidad de Mipyme y tiene una participación igual o superior al diez por ciento (10%) en el consorcio o la unión temporal. | M67: CUMPLE | O67: 0.25
A68: OBSERVACIONES:

Sheet 3
A1: UNIDAD ADMINISTRATIVA ESPECIAL DE AERONÁUTICA CIVIL
A2: ='RESUMEN P1'!B7 -> PROCESO DE LICITACIÓN PÚBLICA 24001224 H1 2024
A3: ='RESUMEN P1'!B6 -> REALIZAR EL SUMINISTRO E INSTALACIÓN DE LOS SISTEMAS DE AYUDAS VISUALES Y SUS OBRAS COMPLEMENTARIAS PARA EL AEROPUERTO PERALES DE IBAGUÉ, TOLIMA (VF)
A4: ='RESUMEN P1'!B13 -> 3 | B4: ='RESUMEN P1'!C13 -> CONSORCIO ILUMINACIÓN IBE24 | F4: % PO | I4: APORTANTE DE LA EXPERIENCIA - GENERAL | O4: % PP
I5: AIRAVATA S.A.S. | O5: 0.9 | R5: AÑO | S5: 2024 | T5: 2023 | U5: 2022 | V5: 2021 | W5: 2020 | X5: 2019 | Y5: 2018 | Z5: 2017 | AA5: 2016 | AB5: 2015 | AC5: 2014 | AD5: 2013 | AE5: 2012 | AF5: 2011
I6: INVERSIONES IO S.A.S. | O6: 0.1 | R6: VALOR SALARIO | S6: 1300000 | T6: 1160000 | U6: 1000000 | V6: 908526 | W6: 877803 | X6: 828116 | Y6: 781242 | Z6: 737717 | AA6: 689455 | AB6: 644350 | AC6: 616000 | AD6: 589500 | AE6: 566700 | AF6: 535600
R7: AÑO | S7: 2010 | T7: 2009 | U7: 2008 | V7: 2007 | W7: 2006 | X7: 2005 | Y7: 2004 | Z7: 2003 | AA7: 2002 | AB7: 2001 | AC7: 2000 | AD7: 1999 | AE7: 1998 | AF7: 1997
R8: VALOR SALARIO | S8: 515000 | T8: 496900 | U8: 461500 | V8: 433700 | W8: 408000 | X8: 381500 | Y8: 358000 | Z8: 332000 | AA8: 309000 | AB8: 286000 | AC8: 260100 | AD8: 236438 | AE8: 203825 | AF8: 172005
R9: AÑO | S9: 1996 | T9: 1995 | U9: 1994 | V9: 1993 | W9: 1992 | X9: 1991 | Y9: 1990
I10: TOTAL | O10: =+SUM(O5:O9) -> 1 | R10: VALOR SALARIO | S10: 142125 | T10: 118934 | U10: 98700 | V10: 81510 | W10: 65190 | X10: 51720 | Y10: 41025
A11: CÓDIGOS | B11: 81101700 39111600 72151500 | C11: PRESUPUESTO A EVALUAR (P.O) | I11: ='PPTO IBAGUE OFICIAL 2024'!K48 -> 5493701977 | J11: PO SMMLV | M11: =I11/S6 -> 4225.9246
A13: REQUISITOS HABILITANTES (CUMPLE /NO CUMPLE)
A14: EVALUACIÓN EXPERIENCIA GENERAL PROPONENTE
A15: (5) contratos registrados en el RUP e identificados en al menos en uno (1) de los códigos UNSPSC requeridos y que, sumados su valor total, expresado en SMMLV, sea igual o mayor al cien por ciento (100%) del presupuesto oficial
A16: 100 % PO | B16: CTO´S | C16: No. CONSECUTIVO EN EL RUP | D16: CONTRATANTE | E16: INFO DEL CONTRATO | F16: PRESENTA DOCUMENTOS ENLISTADOS | G16: CUMPLE CÓDIGOS 81101700 39111600 72151500 | H16: CUMPLE EXPERIENCIA? | I16: QUIEN APORTA LA EXPERIENCIA? | J16: AÑO DE TERMINACIÓN DEL CONTRATO | K16: VALOR TOTAL EN PESOS | L16: VALOR TOTAL SMMLV - RUP | M16: % PARTICIPACIÓN | N16: VALOR TOTAL AFECTADO | O16: CUMPLE / NO CUMPLE
A17: =M11 -> 4225.9246 | B17: CTO 1 | C17: 17 | D17: UNIDAD ADMINISTRATIVA ESPECIAL DE AERONÁUTICA CIVIL - AEROCIVIL | E17: DISEÑO, SUMINISTRO, INSTALACIÓN, AUTOMATIZACIÓN Y PUESTA EN FUNCIONAMIENTO DE SISTEMA DE CONTROL Y MONITOREO DE LA ILUMINACIÓN CATEGORÍA 3 PARA EL AEROPUERTO EL DORADO DE BOGOTÁ | F17: SI | G17: SI | H17: SI | I17: =I5 -> AIRAVATA S.A.S. | J17: 42978 | K17: 23752180293 | L17: 32302.04 | M17: 0.55 | N17: =IF(AND(G17="SI",H17="SI"),(L17*M17),0) -> 17766.122 | O17: =+IF(AND(H17="SI",G17="SI"),"CUMPLE","NO CUMPLE") -> CUMPLE
B18: CTO 2 | C18: 25 | D18: UNIDAD ADMINISTRATIVA ESPECIAL DE AERONÁUTICA CIVIL - AEROCIVIL | E18: ADQUISICIÓN, INSTALACIÓN Y PUESTA EN SERVICIO DE SISTEMAS DE ILUMINACIÓN CATEGORÍA 3 PARA LA PISTA NORTE 13L-31R DEL AEROPUERTO EL DORADO | F18: SI | G18: SI | H18: SI | I18: =I5 -> AIRAVATA S.A.S. | J18: 43449 | K18: 27934779458 | L18: =K18/Y6 -> 35756.884 | M18: 0.97 | N18: =IF(AND(G18="SI",H18="SI"),(L18*M18),0) -> 34684.177 | O18: =+IF(AND(H18="SI",G18="SI"),"CUMPLE","NO CUMPLE") -> CUMPLE
B19: CTO 3 | C19: 37 | D19: AEROPUERTO DE MATECAÑA | E19: ADQUIRIR E INSTALAR Y PONER EN SERVICIO EL SISTEMA SENCILLO DE LUCES DE APROXIMACIÓN SSALS PARA EL AEROPUERTO INTERNACIONAL MATECAÑA DE PEREIRA | F19: SI | G19: SI | H19: SI | I19: =I5 -> AIRAVATA S.A.S. | J19: 44294 | K19: 2271053000 | L19: =K19/V6 -> 2499.7116 | M19: 1 | N19: =IF(AND(G19="SI",H19="SI"),(L19*M19),0) -> 2499.7116 | O19: =+IF(AND(H19="SI",G19="SI"),"CUMPLE","NO CUMPLE") -> CUMPLE
A22: RESULTADO EVALUACIÓN EXPERIENCIA GENERAL | N22: =SUM(N17:N21) -> 54950.011 | O22: =+IF(OR(O18="CUMPLE",O21="CUMPLE",O20="CUMPLE",O19="CUMPLE",O17="CUMPLE")*AND(N22>=A17),"CUMPLE","NO CUMPLE") -> CUMPLE
A23: EVALUACIÓN EXPERIENCIA ESPECIFICA PROPONENTE
A24: (5) certificaciones de contratos o actas de liquidación o actas de terminación de contratos celebrados con entidades públicas o privadas, ejecutados y terminados; debidamente registrados en el RUP e identificados en al menos en uno (1) de los códigos UNSPSC requeridos en la experiencia general; que sumados su valor total, expresado en SMMLV, sea igual o mayor al cincuenta por ciento (50%) del presupuesto oficial
A25: SUMINISTRO Y/O ADQUISICIÓN Y/O INSTALACIÓN Y/O PUESTA EN FUNCIONAMIENTO DE SISTEMAS DE AYUDAS VISUALES
A26: 50% PO | B26: CTO´S | C26: No. CONSECUTIVO EN EL RUP | D26: CONTRATANTE | E26: INFO DEL CONTRATO | F26: PRESENTA DOCUMENTOS ENLISTADOS | G26: CUMPLE CÓDIGOS 81101700 39111600 72151500 | H26: CUMPLE EXPERIENCIA? | I26: QUIEN APORTA LA EXPERIENCIA? | J26: AÑO DE TERMINACIÓN DEL CONTRATO | K26: VALOR TOTAL EN PESOS | L26: VALOR TOTAL SMMLV - RUP | M26: % PARTICIPACIÓN | N26: VALOR TOTAL AFECTADO | O26: CUMPLE / NO CUMPLE
A27: =M11*50% -> 2112.9623 | B27: CTO 1 | C27: 17 | D27: UNIDAD ADMINISTRATIVA ESPECIAL DE AERONÁUTICA CIVIL - AEROCIVIL | E27: DISEÑO, SUMINISTRO, INSTALACIÓN, AUTOMATIZACIÓN Y PUESTA EN FUNCIONAMIENTO DE SISTEMA DE CONTROL Y MONITOREO DE LA ILUMINACIÓN CATEGORÍA 3 PARA EL AEROPUERTO EL DORADO DE BOGOTÁ | F27: SI | G27: SI | H27: SI | I27: =I5 -> AIRAVATA S.A.S. | J27: 42978 | K27: 23752180293 | L27: 32302.04 | M27: 0.55 | N27: =IF(AND(G27="SI",H27="SI"),(L27*M27),0) -> 17766.122 | O27: =+IF(AND(H27="SI",G27="SI"),"CUMPLE","NO CUMPLE") -> CUMPLE
B28: CTO 2 | C28: 25 | D28: UNIDAD ADMINISTRATIVA ESPECIAL DE AERONÁUTICA CIVIL - AEROCIVIL | E28: ADQUISICIÓN, INSTALACIÓN Y PUESTA EN SERVICIO DE SISTEMAS DE ILUMINACIÓN CATEGORÍA 3 PARA LA PISTA NORTE 13L-31R DEL AEROPUERTO EL DORADO | F28: SI | G28: SI | H28: SI | I28: =I5 -> AIRAVATA S.A.S. | J28: 43449 | K28: 27934779458 | L28: =K28/Y6 -> 35756.884 | M28: 0.97 | N28: =IF(AND(G28="SI",H28="SI"),(L28*M28),0) -> 34684.177 | O28: =+IF(AND(H28="SI",G28="SI"),"CUMPLE","NO CUMPLE") -> CUMPLE
B29: CTO 3 | C29: 37 | D29: AEROPUERTO DE MATECAÑA | E29: ADQUIRIR E INSTALAR Y PONER EN SERVICIO EL SISTEMA SENCILLO DE LUCES DE APROXIMACIÓN SSALS PARA EL AEROPUERTO INTERNACIONAL MATECAÑA DE PEREIRA | F29: SI | G29: SI | H29: SI | I29: =I5 -> AIRAVATA S.A.S. | J29: 44294 | K29: 2271053000 | L29: =K29/V6 -> 2499.7116 | M29: 1 | N29: =IF(AND(G29="SI",H29="SI"),(L29*M29),0) -> 2499.7116 | O29: =+IF(AND(H29="SI",G29="SI"),"CUMPLE","NO CUMPLE") -> CUMPLE
B30: CTO 4 | C30: 38 | D30: UNIDAD ADMINISTRATIVA ESPECIAL DE AERONÁUTICA CIVIL - AEROCIVIL | E30: SUMINISTROS, INSTALACION Y PUESTA EN FUNCIONAMIENTO DEL SISTEMAS DE ILUMINACION DE PISTA DEL AEROPUERTO INTERNACIONAL SANTA ANA S.A DE CARTAGO DE VALLE | F30: SI | G30: SI | H30: SI | I30: =I5 -> AIRAVATA S.A.S. | J30: 44533 | K30: 1876705446 | L30: =K30/V6 -> 2065.6596 | M30: 1 | N30: =IF(AND(G30="SI",H30="SI"),(L30*M30),0) -> 2065.6596 | O30: =+IF(AND(H30="SI",G30="SI"),"CUMPLE","NO CUMPLE") -> CUMPLE
B31: CTO 5 | C31: 45 | D31: MINISTERIO DE DEFENSA NACIONAL-EJÉRCITO NACIONAL - CENAC AVIACIÓN | E31: SUMINISTRO, INSTALACIÓN Y PUESTA EN FUNCIONAMIENTO LUCES DE BORDE DE PISTA TECNOLOGÍA LED Y LUCES EJE DE PISTA TECNOLOGÍA LED DEL AERÓDROMO DE TOLEMAIDA A EJECUTAR EN LA VIGENCIA 2021 | F31: SI | G31: SI | H31: SI | I31: =I5 -> AIRAVATA S.A.S. | J31: 44555 | K31: 98875244 | L31: =K31/V6 -> 108.8304 | M31: 1 | N31: =IF(AND(G31="SI",H31="SI"),(L31*M31),0) -> 108.8304 | O31: =+IF(AND(H31="SI",G31="SI"),"CUMPLE","NO CUMPLE") -> CUMPLE
A32: RESULTADO EVALUACIÓN EXPERIENCIA ESPECIFICA | N32: =SUM(N27:N31) -> 57124.501 | O32: =+IF(OR(O30="CUMPLE",O27="CUMPLE")*AND(N32>=A27),"CUMPLE","NO CUMPLE") -> CUMPLE
A33: FORMATO 8 ESPECIFICACIONES TÉCNICAS
A34: Con la presentación y firma del “Formato 14 - Carta de Presentación de la Oferta”, se entiende que el proponente conoce y acepta todos los requisitos allí establecidos. En tal sentido, no será necesario aportar el “Formato No. 8 – Especificaciones Técnicas” con la propuesta y en consecuencia no será objeto de verificación del comité evaluador | O34: CUMPLE
A35: CERTIFICACIÓN DEL FABRICANTE FABRICACIÓN MÍNIMO 2024
A36: El proponente debe anexar certificación del fabricante donde manifieste que los equipos ofertados poseen fecha de fabricación mínimo del año 2024, garantizando adicionalmente que son equipos nuevos, no remanufacturados o renovados | O36: CUMPLE
A37: DISPONIBILIDAD DE REPUESTOS POR 10 AÑOS
A38: El proponente debe garantizar la disponibilidad de repuestos por un tiempo mínimo de diez (10) años certificados por el fabricante, contados a partir de la fecha de acta de recibo final | O38: CUMPLE
A39: CERTIFICADO DE REPRESENTACIÓN
A40: El proponente debe anexar junto con la propuesta el Certificado de Representación y/o Agenciamiento y/o Distribución Autorizada de los Bienes, expedido por el Fabricante o por el Distribuidor Autorizado por el Fabricante de los bienes ofrecidos, en el cual se indique que está autorizado para distribuir estos bienes objeto de la presente contratación. La fecha de expedición de la certificación debe ser de máximo tres (3) meses anteriores a la fecha de cierre del presente proceso de contratación | O40: CUMPLE
A41: FICHAS TÉCNICAS DEL FABRICANTE
A42: El proponente debe anexar junto con la propuesta las fichas técnicas del fabricante, documento con el cual la Entidad verifica y corrobora el cumplimiento de las especificaciones técnicas de los equipos ofertados; no se aceptarán fichas técnicas elaboradas por el proponente a menos que el proponente sea el mismo fabricante. ANEXO No 3. | O42: CUMPLE
A43: CERTIFICADO DE GARANTÍA DE LOS BIENES O SERVICIOS
A44: El proponente debe anexar junto con la propuesta documento suscrito por el Representante Legal, mediante la cual se compromete, en caso de resultar adjudicatario, a otorgar un tiempo de garantía para los bienes y/o servicios de mínimo un (1) año y bajo las condiciones descritas en el Formato 8 Especificaciones Técnicas | O44: CUMPLE
A45: CRITERIOS DE EVALUACIÓN
A46: PROPUESTA ECONÓMICA O PRECIO
A47: El proponente debe anexar junto con la propuesta documento Formato 7 - Propuesta Económica | O47: CUMPLE
A48: FACTOR DE CALIDAD (MAX 18.5 PUNTOS)
A49: Suministro de luces adicionales. El proponente obtendrá los puntos del factor de calidad si ofrece las siguientes luces adicionales para destinarlas para stock de repuestos de las ayudas visuales. En caso de no ofrecer las luces adicionales obtendrá cero (0) puntos | M49: CUMPLE | O49: 18.5
A50: APOYO A LA INDUSTRIA NACIONAL (MAX 10 PUNTOS)
A51: SERVICIOS NACIONALES | C51: Para que el Proponente nacional obtenga puntaje por Servicios Nacionales debe presentar, además del Formato 18A – Promoción de Servicios Nacionales o con Trato Nacional, alguno de los siguientes documentos, según corresponda: A. Persona natural colombiana: La cédula de ciudadanía del proponente. B. Persona natural extranjera residente en Colombia: La visa de residencia que le permita la ejecución del objeto contractual de conformidad con la ley. C. Persona jurídica constituida en Colombia: El certificado de existencia y representación legal emitido por alguna de las cámaras de comercio del país. | M51: PUNTAJE ASIGNADO
M52: CUMPLE
M53: 10
A55: PROPONENTE EXTRANJERO PUNTAJE POR TRATO NACIONAL | C55: Para que el proponente extranjero obtenga puntaje por trato nacional debe acreditar que los servicios son originarios de los estados mencionados en la sección de acuerdos comerciales aplicables al presente proceso de contratación, información que se acreditará con los documentos que aporte el proponente extranjero para acreditar su domicilio. Para asignar el puntaje por servicios nacionales o por trato nacional el proponente nacional o extranjero con trato nacional no deben presentar el Formato 7 – Puntaje de Industria Nacional. Únicamente deberán presentar los documentos señalados en esta sección.
A57: NOTA: La entidad asignará diez (10) puntos a un proponente plural cuando todos sus integrantes cumplan con las anteriores condiciones. Cuando uno de sus integrantes no cumpla con las condiciones descritas no obtendrá puntaje por servicios nacionales o trato Nacional. El Formato 18B – Puntaje de Industria Nacional únicamente debe ser aportado por los proponentes extranjeros sin derecho a trato nacional que opten por incorporar personal calificado. En el evento que un proponente nacional o extranjero con trato nacional lo presente, no será una razón para no otorgar el puntaje de promoción de servicios nacionales o con trato nacional.
A58: PROPONENTES CON TRABAJADORES CON DISCAPACIDAD (MAX 1 PUNTO)
A59: La entidad asignará un (1) punto al proponente que acredite el número mínimo de personas con discapacidad de acuerdo con el número total de trabajadores de la planta de su personal en los términos señalados en el artículo 2.2.1.2.4.2.6. del Decreto 1082 de 2015 (adicionado por el Decreto 392 de 2018). | M59: PUNTAJE ASIGNADO
A60: Para esto debe presentar: i) el Formato 22 – Vinculación de personas en condición de discapacidad suscrito por la persona natural, el representante legal o el revisor fiscal, según corresponda en el cual certifique el número total de trabajadores vinculados a la planta de personal del proponente o sus integrantes a la fecha de cierre del proceso de selección, ii) acreditar el número mínimo de personas con discapacidad en su planta de personal, de conformidad con lo señalado en el certificado expedido por el Ministerio de Trabajo, el cual deberá estar vigente a la fecha de cierre del proceso de selección. | M60: CUMPLE
A61: Para los proponentes plurales, la entidad tendrá en cuenta la planta de personal del integrante del proponente plural que aporte como mínimo el cuarenta por ciento (40%) de la experiencia requerida para el proceso de contratación. Este porcentaje de experiencia se tomará sobre el “Valor mínimo a certificar (como % del presupuesto oficial expresado en SMMLV)” de conformidad con el numeral 3.8.1, sin importar si la experiencia es general o específica. | M61: 1
A62: EMPRENDIMIENTO Y EMPRESAS DE MUJERES (MAX 0.25 PUNTOS)
A63: Para que el Proponente obtenga este puntaje debe diligenciar el Formato 24 – Acreditación de emprendimientos y empresas de mujeres y aportar la documentación requerida. | M63: PUNTAJE ASIGNADO
A64: Tratándose de Proponentes Plurales este puntaje solo se otorgará si por lo menos uno de los integrantes acredita la calidad de emprendimientos y empresas de mujeres y tiene una participación igual o superior al diez por ciento (10 %) en el Consorcio o en la Unión Temporal. | M64: CUMPLE | O64: 0.25
A65: MiPYME (MAX 0.25 PUNTOS)
A66: La Entidad otorgará un puntaje de cero punto veinticinco (0.25) puntos al Proponente que acredite la calidad de Mipyme domiciliada en Colombia de conformidad con el artículo 2.2.1.2.4.2.4 del Decreto 1082 de 2015, en concordancia con el parágrafo del artículo 2.2.1.13.2.4 del Decreto 1074 de 2015, o la norma que lo modifique, complemente o sustituya. | M66: PUNTAJE ASIGNADO
A67: Para que el Proponente obtenga este puntaje podrá presentar el “Formato 23 - Acreditación de MiPymes” o certificación con la información y documentación requeridas en el artículo 2.2.1.2.4.2.4 del Decreto 1082 de 2015, o la norma que lo modifique, complemente o sustituya. En todo caso, las MiPymes también podrán acreditar esta condición con la copia del certificado del Registro Único de Proponentes, el cual deberá encontrarse vigente y en firme al momento de su presentación. Tratándose de Proponentes Plurales este puntaje se otorgará si por lo menos uno de los integrantes acredita la calidad de Mipyme y tiene una participación igual o superior al diez por ciento (10%) en el consorcio o la unión temporal. | M67: CUMPLE | O67: 0.25
A68: OBSERVACIONES:

Sheet EXP. GENERAL
B2: REPÚBLICA DE COLOMBIA MINISTERIO DE TRANSPORTE AERONÁUTICA CIVIL
B6: ='RESUMEN P1'!B6 -> REALIZAR EL SUMINISTRO E INSTALACIÓN DE LOS SISTEMAS DE AYUDAS VISUALES Y SUS OBRAS COMPLEMENTARIAS PARA EL AEROPUERTO PERALES DE IBAGUÉ, TOLIMA (VF)
B7: ='RESUMEN P1'!B7 -> PROCESO DE LICITACIÓN PÚBLICA 24001224 H1 2024
B8: DIRECCIÓN DE INFRAESTRUCTURA Y AYUDAS AEROPORTUARIAS GRUPO INFRAESTRUCTURA AEROPORTUARIA CENTRO SUR-NOROCCIDENTE
B10: EVALUACIÓN EXPERIENCIA GENERAL PROPONENTES
B11: No. | C11: PROPONENTE | D11: CONTRATO 1 | E11: CONTRATO 2 | F11: CONTRATO 3 | G11: CONTRATO 4 | H11: CONTRATO 5 | J11: RESULTADO EVALUACIÓN EXPERIENCIA GENERAL | L11: OBSERVACIONES
B12: 1 | C12: ='RESUMEN P1'!C11 -> SKYTECH | D12: ='1'!$O$17 -> CUMPLE | E12: ='1'!$O$18 -> CUMPLE | F12: ='1'!$O$19 -> CUMPLE | G12: ='1'!$O$20 -> CUMPLE | H12: ='1'!$O$21 -> CUMPLE | J12: ='1'!$O$22 -> CUMPLE
B13: 2 | C13: ='RESUMEN P1'!C12 -> RAPIDEXXUS | D13: ='2'!$O$17 -> CUMPLE | E13: ='2'!$O$18 -> CUMPLE | F13: ='2'!$O$19 -> CUMPLE | G13: N/A | H13: N/A | J13: ='2'!$O$22 -> CUMPLE
B14: 3 | C14: ='RESUMEN P1'!C13 -> CONSORCIO ILUMINACIÓN IBE24 | D14: ='3'!$O$17 -> CUMPLE | E14: ='3'!$O$18 -> CUMPLE | F14: ='3'!$O$19 -> CUMPLE | G14: N/A | H14: N/A | J14: ='3'!$O$22 -> CUMPLE

Sheet EXP. ESPECIFICA
B2: REPÚBLICA DE COLOMBIA MINISTERIO DE TRANSPORTE AERONÁUTICA CIVIL
B6: ='RESUMEN P1'!B6 -> REALIZAR EL SUMINISTRO E INSTALACIÓN DE LOS SISTEMAS DE AYUDAS VISUALES Y SUS OBRAS COMPLEMENTARIAS PARA EL AEROPUERTO PERALES DE IBAGUÉ, TOLIMA (VF)
B7: ='RESUMEN P1'!B7 -> PROCESO DE LICITACIÓN PÚBLICA 24001224 H1 2024
B8: DIRECCIÓN DE INFRAESTRUCTURA Y AYUDAS AEROPORTUARIAS GRUPO INFRAESTRUCTURA AEROPORTUARIA CENTRO SUR-NOROCCIDENTE
B10: EVALUACIÓN EXPERIENCIA ESPECIFICA PROPONENTES
B11: No. | C11: PROPONENTE | D11: CONTRATO 1 | E11: CONTRATO 2 | F11: CONTRATO 3 | G11: CONTRATO 4 | H11: CONTRATO 5 | J11: RESULTADO EVALUACIÓN EXPERIENCIA ESPECIFICA | L11: OBSERVACIONES
B12: 1 | C12: ='RESUMEN P1'!C11 -> SKYTECH | D12: ='1'!$O$27 -> CUMPLE | E12: ='1'!$O$28 -> CUMPLE | F12: ='1'!$O$29 -> CUMPLE | G12: ='1'!$O$30 -> CUMPLE | H12: ='1'!$O$31 -> CUMPLE | J12: ='1'!$O$32 -> CUMPLE
B13: 2 | C13: ='RESUMEN P1'!C12 -> RAPIDEXXUS | D13: ='2'!$O$27 -> CUMPLE | E13: ='2'!$O$28 -> CUMPLE | F13: ='2'!$O$29 -> CUMPLE | G13: ='2'!$O$30 -> CUMPLE | H13: ='2'!$O$31 -> CUMPLE | J13: ='2'!$O$32 -> CUMPLE
B14: 3 | C14: ='RESUMEN P1'!C13 -> CONSORCIO ILUMINACIÓN IBE24 | D14: ='3'!$O$27 -> CUMPLE | E14: ='3'!$O$28 -> CUMPLE | F14: ='3'!$O$29 -> CUMPLE | G14: ='3'!$O$30 -> CUMPLE | H14: ='3'!$O$31 -> CUMPLE | J14: ='3'!$O$32 -> CUMPLE

Sheet FACT. CALIDAD
B2: REPÚBLICA DE COLOMBIA MINISTERIO DE TRANSPORTE AERONÁUTICA CIVIL
B6: ='RESUMEN P1'!B6 -> REALIZAR EL SUMINISTRO E INSTALACIÓN DE LOS SISTEMAS DE AYUDAS VISUALES Y SUS OBRAS COMPLEMENTARIAS PARA EL AEROPUERTO PERALES DE IBAGUÉ, TOLIMA (VF)
B7: ='RESUMEN P1'!B7 -> PROCESO DE LICITACIÓN PÚBLICA 24001224 H1 2024
B8: DIRECCIÓN DE INFRAESTRUCTURA Y AYUDAS AEROPORTUARIAS GRUPO INFRAESTRUCTURA AEROPORTUARIA CENTRO SUR-NOROCCIDENTE
B10: EVALUACIÓN FACTOR DE CALIDAD
B11: No. | C11: PROPONENTE | D11: RESULTADO EVALUACIÓN | F11: PUNTAJE ASIGNADO | H11: OBSERVACIONES
B12: 1 | C12: ='RESUMEN P1'!C11 -> SKYTECH | D12: ='1'!$M$49 -> CUMPLE | F12: ='1'!$O$49 -> 18.5
B13: 2 | C13: ='RESUMEN P1'!C12 -> RAPIDEXXUS | D13: ='2'!$M$49 -> CUMPLE | F13: ='2'!$O$49 -> 18.5
B14: 3 | C14: ='RESUMEN P1'!C13 -> CONSORCIO ILUMINACIÓN IBE24 | D14: ='3'!$M$49 -> CUMPLE | F14: ='3'!$O$49 -> 18.5

Sheet APOYO IND. NAL
B2: REPÚBLICA DE COLOMBIA MINISTERIO DE TRANSPORTE AERONÁUTICA CIVIL
B6: ='RESUMEN P1'!B6 -> REALIZAR EL SUMINISTRO E INSTALACIÓN DE LOS SISTEMAS DE AYUDAS VISUALES Y SUS OBRAS COMPLEMENTARIAS PARA EL AEROPUERTO PERALES DE IBAGUÉ, TOLIMA (VF)
B7: ='RESUMEN P1'!B7 -> PROCESO DE LICITACIÓN PÚBLICA 24001224 H1 2024
B8: DIRECCIÓN DE INFRAESTRUCTURA Y AYUDAS AEROPORTUARIAS GRUPO INFRAESTRUCTURA AEROPORTUARIA CENTRO SUR-NOROCCIDENTE
B10: EVALUACIÓN APOYO A LA INDUSTRIA NACIONAL
B11: No. | C11: PROPONENTE | D11: RESULTADO EVALUACIÓN | F11: PUNTAJE ASIGNADO | H11: OBSERVACIONES
B12: 1 | C12: ='RESUMEN P1'!C11 -> SKYTECH | D12: ='1'!$M$52 -> CUMPLE | F12: ='1'!$M$53 -> 10
B13: 2 | C13: ='RESUMEN P1'!C12 -> RAPIDEXXUS | D13: ='2'!$M$52 -> CUMPLE | F13: ='2'!$M$53 -> 10
B14: 3 | C14: ='RESUMEN P1'!C13 -> CONSORCIO ILUMINACIÓN IBE24 | D14: ='3'!$M$52 -> CUMPLE | F14: ='3'!$M$53 -> 10

Sheet PERS. DISCAP.
B2: REPÚBLICA DE COLOMBIA MINISTERIO DE TRANSPORTE AERONÁUTICA CIVIL
B6: ='RESUMEN P1'!B6 -> REALIZAR EL SUMINISTRO E INSTALACIÓN DE LOS SISTEMAS DE AYUDAS VISUALES Y SUS OBRAS COMPLEMENTARIAS PARA EL AEROPUERTO PERALES DE IBAGUÉ, TOLIMA (VF)
B7: ='RESUMEN P1'!B7 -> PROCESO DE LICITACIÓN PÚBLICA 24001224 H1 2024
B8: DIRECCIÓN DE INFRAESTRUCTURA Y AYUDAS AEROPORTUARIAS GRUPO INFRAESTRUCTURA AEROPORTUARIA CENTRO SUR-NOROCCIDENTE
B10: EVALUACIÓN VINCULACIÓN DE PERSONAS CON DISCAPACIDAD
B11: No. | C11: PROPONENTE | D11: RESULTADO EVALUACIÓN | F11: PUNTAJE ASIGNADO | H11: OBSERVACIONES
B12: 1 | C12: ='RESUMEN P1'!C11 -> SKYTECH | D12: ='1'!$M$60 -> CUMPLE | F12: ='1'!$M$61 -> 1
B13: 2 | C13: ='RESUMEN P1'!C12 -> RAPIDEXXUS | D13: ='2'!$M$60 -> CUMPLE | F13: ='2'!$M$61 -> 1
B14: 3 | C14: ='RESUMEN P1'!C13 -> CONSORCIO ILUMINACIÓN IBE24 | D14: ='3'!$M$60 -> CUMPLE | F14: ='3'!$M$61 -> 1

Sheet EMP. MUJERES
B2: REPÚBLICA DE COLOMBIA MINISTERIO DE TRANSPORTE AERONÁUTICA CIVIL
B6: ='RESUMEN P1'!B6 -> REALIZAR EL SUMINISTRO E INSTALACIÓN DE LOS SISTEMAS DE AYUDAS VISUALES Y SUS OBRAS COMPLEMENTARIAS PARA EL AEROPUERTO PERALES DE IBAGUÉ, TOLIMA (VF)
B7: ='RESUMEN P1'!B7 -> PROCESO DE LICITACIÓN PÚBLICA 24001224 H1 2024
B8: DIRECCIÓN DE INFRAESTRUCTURA Y AYUDAS AEROPORTUARIAS GRUPO INFRAESTRUCTURA AEROPORTUARIA CENTRO SUR-NOROCCIDENTE
B10: EVALUACIÓN EMPRENDIMIENTO MUJERES
B11: No. | C11: PROPONENTE | D11: RESULTADO EVALUACIÓN | F11: PUNTAJE ASIGNADO | H11: OBSERVACIONES
B12: 1 | C12: ='RESUMEN P1'!C11 -> SKYTECH | D12: ='1'!$M$64 -> CUMPLE | F12: ='1'!$O$64 -> 0.25
B13: 2 | C13: ='RESUMEN P1'!C12 -> RAPIDEXXUS | D13: ='2'!$M$64 -> CUMPLE | F13: ='2'!$O$64 -> 0.25
B14: 3 | C14: ='RESUMEN P1'!C13 -> CONSORCIO ILUMINACIÓN IBE24 | D14: ='3'!$M$64 -> CUMPLE | F14: ='3'!$O$64 -> 0.25

Sheet MiPYME
B2: REPÚBLICA DE COLOMBIA MINISTERIO DE TRANSPORTE AERONÁUTICA CIVIL
B6: ='RESUMEN P1'!B6 -> REALIZAR EL SUMINISTRO E INSTALACIÓN DE LOS SISTEMAS DE AYUDAS VISUALES Y SUS OBRAS COMPLEMENTARIAS PARA EL AEROPUERTO PERALES DE IBAGUÉ, TOLIMA (VF)
B7: ='RESUMEN P1'!B7 -> PROCESO DE LICITACIÓN PÚBLICA 24001224 H1 2024
B8: DIRECCIÓN DE INFRAESTRUCTURA Y AYUDAS AEROPORTUARIAS GRUPO INFRAESTRUCTURA AEROPORTUARIA CENTRO SUR-NOROCCIDENTE
B10: EVALUACIÓN MiPYME
B11: No. | C11: PROPONENTE | D11: RESULTADO EVALUACIÓN | F11: PUNTAJE ASIGNADO | H11: OBSERVACIONES
B12: 1 | C12: ='RESUMEN P1'!C11 -> SKYTECH | D12: ='1'!$M$67 -> CUMPLE | F12: ='1'!$O$67 -> 0.25
B13: 2 | C13: ='RESUMEN P1'!C12 -> RAPIDEXXUS | D13: ='2'!$M$67 -> CUMPLE | F13: ='2'!$O$67 -> 0.25
B14: 3 | C14: ='RESUMEN P1'!C13 -> CONSORCIO ILUMINACIÓN IBE24 | D14: ='3'!$M$67 -> CUMPLE | F14: ='3'!$O$67 -> 0.25

Sheet PROP. ECONO
B2: REPÚBLICA DE COLOMBIA MINISTERIO DE TRANSPORTE AERONÁUTICA CIVIL
B6: ='RESUMEN P1'!B6 -> REALIZAR EL SUMINISTRO E INSTALACIÓN DE LOS SISTEMAS DE AYUDAS VISUALES Y SUS OBRAS COMPLEMENTARIAS PARA EL AEROPUERTO PERALES DE IBAGUÉ, TOLIMA (VF)
B7: ='RESUMEN P1'!B7 -> PROCESO DE LICITACIÓN PÚBLICA 24001224 H1 2024
B8: DIRECCIÓN DE INFRAESTRUCTURA Y AYUDAS AEROPORTUARIAS GRUPO INFRAESTRUCTURA AEROPORTUARIA CENTRO SUR-NOROCCIDENTE
B10: EVALUACIÓN PROPUESTA ECONÓMICA
B11: No. | C11: PROPONENTE | D11: ACEPTADA | F11: RECHAZADA | H11: OBSERVACIONES
B12: 1 | C12: ='RESUMEN P1'!C11 -> SKYTECH | D12: ='1'!$O$47 -> CUMPLE
B13: 2 | C13: ='RESUMEN P1'!C12 -> RAPIDEXXUS | D13: ='2'!$O$47 -> CUMPLE
B14: 3 | C14: ='RESUMEN P1'!C13 -> CONSORCIO ILUMINACIÓN IBE24 | D14: ='3'!$O$47 -> CUMPLE
